Cogmind - Beta 9.4 @@@ ROGUE MODE // 2020.03.20 @ 18:58:08 Player: PlasticHeart Result: Escaped! Performance ------------- Evolutions (9) 4500 Regions Visited (38) 7600 Robots Destroyed (212) 1060 Value Destroyed (6072) 6072 Prototype IDs (104) 2080 Alien Tech Used (8) 1600 Bonus (10133) 10133 TOTAL SCORE: 33045 Bonus ------- Triggered High Security 500 High Alert Combat Kills 1898 Follower Combat Kills 1151 Met Data Miner 300 Met Imprinter 300 Met Zhirov 300 Met Warlord at Base 500 MAIN.C Attacked Warlord 500 Met Warlord at Research 2000 Win 3000 Friendly Fire -316 Cogmind --------- Core Integrity 1360/1850 Matter 299/300 Energy 246/1220 System Corruption 3% Temperature Cool (0) Movement Core (200) Ox3 Location To Epsilon Eridani Parts ------- > --- POWER (2) -------- Mini Fusion Reactor Light Quantum Reactor > --- PROPULSION (6) --- Gyrokinetic Inverter Cooled Antigrav System Cooled Antigrav System Combat Linear Gravjet Cooled Field Propulsion Drive > --- UTILITY (15) ----- Coolant Network Advanced Coolant Injector Medium Storage Unit Large Storage Unit Experimental Energy Well Experimental Sensor Array Experimental Signal Interpreter Experimental Terrain Scan Processor > --- WEAPON (3) ------- (None) > --- INVENTORY (14) --- Light Antimatter Reactor Particle Reactor Light Quantum Reactor Femtoactuators Improved Medium Armor Plating Peak State ------------ > --- POWER ------------ Mini Fusion Reactor Light Quantum Reactor > --- PROPULSION ------- Gyrokinetic Inverter Improved Linear Gravjet Cooled Antigrav System Cooled Antigrav System Combat Linear Gravjet Cooled Field Propulsion Drive > --- UTILITY ---------- Coolant Network Medium Storage Unit Large Storage Unit Experimental Energy Well Experimental Sensor Array Experimental Signal Interpreter Experimental Terrain Scan Processor Advanced Salvage Targeting Computer Advanced Salvage Targeting Computer Advanced Transmission Jammer Advanced Reaction Control System Experimental Power Shielding Experimental Focal Shield Antimissile System > --- WEAPON ----------- Potential Cannon > --- INVENTORY -------- Light Antimatter Reactor Particle Reactor Light Quantum Reactor Femtoactuators Transdimensional Reconstructor Improved Potential Cannon [Rating: 190] Favorites ----------- Power Micro Fission Core Engine Light Deuterium Engine Power Core Micro Fission Core Reactor Mini Fusion Reactor Propulsion Improved VTOL Module Leg Improved Aluminum Leg Wheel Armored Huge Wheel Hover Unit Cooled Antigrav System Flight Unit Improved VTOL Module Utility Advanced Hacking Suite Device Experimental Sensor Array Storage High-capacity Storage Unit Processor Experimental Signal Interpreter Hackware Advanced Hacking Suite Protection Experimental Power Shielding Weapon Scythe Energy Gun Improved EM Shotgun Energy Cannon Cooled Plasma Cannon Ballistic Gun Assault Rifle Launcher Grenade Launcher Special Weapon Improved Remote Datajack Impact Weapon Great Maul Slashing Weapon Scythe Piercing Weapon Lance Special Melee Weapon Improved Datajack Build | -11 -10 -9 -9 -8 -7 -7 -7 -7 -7 -7 -6 -6 -6 -6 -6 -6 -6 -5 -5 -5 -5 -5 -5 -5 -4 -4 -4 -4 -4 -4 -4 -3 -3 -3 -3 -2 -2 -1 ------- Run | Scr Mat Mat Sto Mat Fac Was Fac Low Low Zio Pro Fac Was Fac Low Low Dat Pro Fac Was Fac Upp Upp Zhi Pro Fac Was Fac Upp Upp War Pro Res Qua Sec Res Tes Acc Slots Evolved 18 | . . 2 . 2 2 . . . . . . 2 . . . . . . 2 . . . . . . 2 . . . . . . 2 . . 2 . 2 Power 1 | . . . . . 1 . . . . . . . . . . . . . . . . . . . . . . . . . . . . . . . . . Propulsion 4 | . . 1 . 1 . . . . . . . . . . . . . . . . . . . . . . . . . . . . 1 . . 1 . . Utility 13 | . . 1 . 1 1 . . . . . . 2 . . . . . . 2 . . . . . . 2 . . . . . . 1 . . 1 . 2 Weapon . | . . . . . . . . . . . . . . . . . . . . . . . . . . . . . . . . . . . . . . . Parts Attached 246 | 6 6 15 21 39 9 2 2 . . . . 4 2 15 1 9 . . 17 . 9 3 4 2 1 23 . 6 5 2 4 . 3 4 5 3 1 23 Power 30 | 1 1 1 1 4 3 . 1 . . . . . 2 5 . 1 . . 2 . . . . . . 4 . 1 . . . . 1 . 1 . . 1 Engine 11 | 1 1 1 1 1 2 . . . . . . . 1 3 . . . . . . . . . . . . . . . . . . . . . . . . Core 15 | . . . . 3 1 . 1 . . . . . 1 2 . 1 . . 2 . . . . . . 4 . . . . . . . . . . . . Reactor 4 | . . . . . . . . . . . . . . . . . . . . . . . . . . . . 1 . . . . 1 . 1 . . 1 Propulsion 60 | 2 1 6 4 16 2 . 1 . . . . . . 1 1 . . . 5 . 3 . . . . 7 . 1 . . . . 1 2 . 1 . 6 Treads . | . . . . . . . . . . . . . . . . . . . . . . . . . . . . . . . . . . . . . . . Leg 18 | . . 6 3 9 . . . . . . . . . . . . . . . . . . . . . . . . . . . . . . . . . . Wheel 5 | 2 1 . . 2 . . . . . . . . . . . . . . . . . . . . . . . . . . . . . . . . . . Hover 6 | . . . . . . . . . . . . . . . . . . . . . . . . . . . . . . . . . . . . . . 6 Flight 31 | . . . 1 5 2 . 1 . . . . . . 1 1 . . . 5 . 3 . . . . 7 . 1 . . . . 1 2 . 1 . . Utility 91 | 1 3 1 . 5 4 2 . . . . . 4 . 6 . 6 . . 6 . 5 1 3 2 . 10 . 2 2 2 4 . 1 2 4 2 1 12 Device 47 | . . . . 1 3 2 . . . . . 1 . 1 . 5 . . 2 . 2 . 2 1 . 5 . 2 2 2 4 . . 2 4 1 . 5 Storage 11 | 1 3 1 . 2 . . . . . . . . . . . . . . 1 . . . . 1 . 1 . . . . . . . . . . 1 . Processor 7 | . . . . . 1 . . . . . . 1 . . . . . . 2 . . . . . . 1 . . . . . . . . . . . 2 Hackware 21 | . . . . 2 . . . . . . . 2 . 5 . 1 . . 1 . 3 1 1 . . 3 . . . . . . 1 . . 1 . . Protection 5 | . . . . . . . . . . . . . . . . . . . . . . . . . . . . . . . . . . . . . . 5 Artifact . | . . . . . . . . . . . . . . . . . . . . . . . . . . . . . . . . . . . . . . . Weapon 65 | 2 1 7 16 14 . . . . . . . . . 3 . 2 . . 4 . 1 2 1 . 1 2 . 2 3 . . . . . . . . 4 Energy Gun 23 | 2 1 3 9 8 . . . . . . . . . . . . . . . . . . . . . . . . . . . . . . . . . . Energy Cannon 13 | . . 2 3 . . . . . . . . . . 1 . 2 . . 1 . . . . . . . . . . . . . . . . . . 4 Ballistic Gun 7 | . . 2 1 2 . . . . . . . . . . . . . . . . . 2 . . . . . . . . . . . . . . . . Ballistic Cannon . | . . . . . . . . . . . . . . . . . . . . . . . . . . . . . . . . . . . . . . . Launcher 3 | . . . 1 2 . . . . . . . . . . . . . . . . . . . . . . . . . . . . . . . . . . Special Weapon 2 | . . . . . . . . . . . . . . . . . . . 2 . . . . . . . . . . . . . . . . . . . Impact Weapon 2 | . . . 2 . . . . . . . . . . . . . . . . . . . . . . . . . . . . . . . . . . . Slashing Weapon 5 | . . . . 1 . . . . . . . . . 1 . . . . 1 . . . . . 1 . . 1 . . . . . . . . . . Piercing Weapon 5 | . . . . . . . . . . . . . . . . . . . . . 1 . . . . . . 1 3 . . . . . . . . . Special Melee Weapon 5 | . . . . 1 . . . . . . . . . 1 . . . . . . . . 1 . . 2 . . . . . . . . . . . . Unidentified Prototypes 20 | . . 1 4 1 . 1 . . . . . . . . . 1 . . 1 . . . . 2 . 1 . . . . . . . . 5 . 1 2 Parts Lost 26 | . . 4 . 5 . . . . . . . . . . . 1 . . 4 . . . . . . 1 . . . . . . . . . . . 11 Power 3 | . . . . 1 . . . . . . . . . . . . . . 2 . . . . . . . . . . . . . . . . . . . Propulsion 5 | . . 1 . 2 . . . . . . . . . . . . . . . . . . . . . . . . . . . . . . . . . 2 Utility 10 | . . . . . . . . . . . . . . . . 1 . . 1 . . . . . . 1 . . . . . . . . . . . 7 Weapon 8 | . . 3 . 2 . . . . . . . . . . . . . . 1 . . . . . . . . . . . . . . . . . . 2 Highest Loss Streak 5 | . . 2 . 3 . . . . . . . . . . . 1 . . 2 . . . . . . 1 . . . . . . . . . . . 5 Average Slot Usage (%) 94 | . 96 98 100 93 100 99 100 100 100 100 100 98 100 99 100 94 93 93 85 88 87 88 93 89 93 93 90 93 95 95 95 95 93 94 93 94 95 83 Engine 4 | . 14 11 11 3 6 15 7 7 7 7 7 6 6 6 6 6 6 6 3 . . . . . . . . . . . . . . . . . . . Core 4 | . . . . 5 7 . 6 7 7 7 7 6 6 6 6 5 6 6 5 11 11 11 11 11 11 10 10 5 5 5 5 5 . . . . . . Reactor 1 | . . . . . . . . . . . . . . . . . . . . . . . . . . . . 4 5 5 5 5 8 9 9 8 8 7 Leg 7 | . . 31 33 23 . . . . . . . . . . . . . . . . . . . . . . . . . . . . . . . . . . Wheel 1 | . 28 . . 5 . . . . . . . . . . . . . . . . . . . . . . . . . . . . . . . . . . Flight 15 | . . . . . 30 30 30 30 30 30 30 26 26 25 26 25 25 25 19 16 15 16 16 16 16 15 15 15 15 15 15 15 18 17 18 20 20 5 Device 6 | . . . . . 7 6 7 7 7 7 7 6 6 5 6 6 6 6 5 11 11 11 11 6 5 9 10 14 15 15 15 15 13 13 11 13 12 18 Storage 14 | . 24 33 33 35 7 7 7 7 7 7 7 6 6 6 6 6 6 6 5 5 5 5 5 9 11 10 10 10 10 10 10 10 9 9 9 8 11 11 Processor 5 | . . . . . 7 7 7 7 7 7 7 6 6 6 6 6 6 6 10 11 5 5 5 5 5 9 10 10 10 10 10 10 9 9 9 8 8 8 Hackware 15 | . . . . . 15 15 15 15 15 15 15 24 26 26 26 24 25 25 23 22 26 27 27 27 27 24 20 20 20 20 20 20 21 22 22 22 20 2 Energy Gun 4 | . 27 9 19 15 . . . . . . . . . . . . . . . . . . . . . . . . . . . . . . . . . . Energy Cannon 1 | . . 7 1 . . . . . . . . . . . . . . . 1 5 5 5 5 1 . . . . . . . . . . . . . 2 Slashing Weapon 4 | . . . . . 7 7 7 7 7 7 7 6 6 6 6 6 6 6 4 5 5 5 5 5 10 10 10 5 5 5 5 5 4 4 4 4 4 . Special Melee Weapon 3 | . . . . . 7 7 7 7 7 7 7 6 6 6 6 6 6 6 2 . . . 4 5 5 5 5 5 5 5 5 5 4 4 4 4 4 . Naked Turns . | . . . . . . . . . . . . . . . . . . . . . . . . . . . . . . . . . . . . . . . Heaviest Build 117 | 13 74 111 114 117 23 23 24 24 24 24 24 24 23 24 24 31 23 23 44 40 40 40 41 41 40 41 41 45 45 45 45 45 52 52 52 54 54 98 Greatest Support 115 | 26 26 45 43 56 24 24 24 24 24 24 24 24 24 24 24 24 24 24 43 41 43 41 41 41 41 46 41 46 46 46 46 46 58 70 74 86 86 115 Greatest Overweight (x) 7 | 2 7 4 2 4 . . . . . . . . . 1 . 1 . . 1 . . . . . . 1 . . . . . . . . . . . 3 Average Overweight (x) . | . . 2 2 1 . . . . . . . . . . . . . . . . . . . . . . . . . . . . . . . . . . Largest Inventory Capacity 32 | 6 20 28 28 32 8 8 8 8 8 8 8 8 8 8 8 8 8 8 10 10 10 10 10 14 14 14 14 14 14 14 14 14 14 14 14 14 14 14 Average Capacity 15 | 5 11 27 28 31 8 8 8 8 8 8 8 8 8 8 8 8 8 8 8 10 10 10 10 12 14 14 14 14 14 14 14 14 14 14 14 14 14 14 Most Carried 32 | 5 13 28 28 32 8 8 8 8 8 8 8 8 8 8 8 8 8 7 8 5 10 10 10 12 14 14 13 14 14 14 14 14 14 14 14 14 14 14 Average Carried 13 | 2 8 19 27 30 7 7 7 7 8 8 8 7 7 7 7 6 7 7 6 5 8 9 9 10 13 13 13 13 13 14 13 14 13 13 13 13 13 6 Final Capacity 28 | 6 20 28 28 8 8 8 8 8 8 8 8 8 8 8 8 8 8 8 10 10 10 10 10 14 14 14 14 14 14 14 14 14 14 14 14 14 14 14 Final Carried 27 | 1 13 25 27 5 8 7 8 8 8 8 8 8 8 8 8 8 7 7 5 5 9 10 9 12 14 13 13 14 14 14 14 14 14 14 14 14 14 5 Class Distribution -------------------- 29% | Hacker-Sprinter 21% | Hauler-Mutant 10% | Wizard-Sprinter 8% | Wizard-Ninja 7% | Hacker-Ninja 6% | Hacker-Scout 6% | Wizard-Scout 3% | Commander-Mutant Dominant Class ---------------- Mutant | -10/Materials Hauler-Mutant | -9/Materials Commander-Mutant | -9/Storage Hauler-Mutant | -8/Materials Hacker-Sprinter | -7/Factory Hacker-Sprinter | -7/Waste Hacker-Sprinter | -7/Factory Hacker-Sprinter | -7/Lower Caves Hacker-Sprinter | -7/Lower Caves Hacker-Sprinter | -7/Zion Hacker-Sprinter | -6/Proximity Caves Hacker-Sprinter | -6/Factory Hacker-Sprinter | -6/Waste Hacker-Sprinter | -6/Factory Hacker-Sprinter | -6/Lower Caves Hacker-Sprinter | -6/Lower Caves Hacker-Sprinter | -6/Data Miner Hacker-Sprinter | -5/Proximity Caves Hacker-Scout | -5/Factory Hacker-Scout | -5/Waste Wizard-Sprinter | -5/Factory Wizard-Sprinter | -5/Upper Caves Wizard-Sprinter | -5/Upper Caves Wizard-Sprinter | -5/Zhirov Wizard-Sprinter | -4/Proximity Caves Wizard-Scout | -4/Factory Wizard-Scout | -4/Waste Hacker-Ninja | -4/Factory Hacker-Ninja | -4/Upper Caves Hacker-Ninja | -4/Upper Caves Hacker-Ninja | -4/Warlord Hacker-Ninja | -3/Proximity Caves Wizard-Ninja | -3/Research Wizard-Ninja | -3/Quarantine Wizard-Ninja | -3/Section 7 Wizard-Ninja | -2/Research Wizard-Ninja | -2/Testing Machinist-Mutant | -1/Access Resources | -11 -10 -9 -9 -8 -7 -7 -7 -7 -7 -7 -6 -6 -6 -6 -6 -6 -6 -5 -5 -5 -5 -5 -5 -5 -4 -4 -4 -4 -4 -4 -4 -3 -3 -3 -3 -2 -2 -1 ----------- Run | Scr Mat Mat Sto Mat Fac Was Fac Low Low Zio Pro Fac Was Fac Low Low Dat Pro Fac Was Fac Upp Upp Zhi Pro Fac Was Fac Upp Upp War Pro Res Qua Sec Res Tes Acc Matter Collected 3351 | 249 261 241 219 491 80 30 20 . . . . 40 14 156 21 87 . 31 197 . 169 37 48 . 50 205 . 95 37 . 73 . 20 10 68 162 . 240 Remotely . | . . . . . . . . . . . . . . . . . . . . . . . . . . . . . . . . . . . . . . . Salvage Created 8793 | 60 244 1173 328 1998 266 . 178 . . . . 48 . 264 88 106 . . 317 . 211 . . . . 1128 . 72 . . . . 42 23 104 365 . 1778 Parts 466 | 1 19 87 25 84 12 . 9 . . . . 9 . 20 . 4 . . 18 . 14 . . . . 36 . 11 . . . . 4 3 5 9 . 96 Haulers Intercepted 31 | . 1 5 3 5 2 . 2 . . . . . . 1 . . . . 1 . . . . . . 6 . . . . . . . . 1 3 . 1 Recyclers Shooed 4 | . . 1 . . . . . . . . . . . . . . . . 1 . . . . . . . . . . . . . . . . . . 2 Parts Field Recycled . | . . . . . . . . . . . . . . . . . . . . . . . . . . . . . . . . . . . . . . . Retrieved Matter . | . . . . . . . . . . . . . . . . . . . . . . . . . . . . . . . . . . . . . . . Parts Self-Destructed 80 | . . . . . . . . . 12 . . . . . . 2 . 4 . . . . 3 . . . . . . . 59 . . . . . . . Prevented 10 | . . . . . . . . . . . . . . . . . . . . . . 2 . . . . . . . . 8 . . . . . . . Kills | -11 -10 -9 -9 -8 -7 -7 -7 -7 -7 -7 -6 -6 -6 -6 -6 -6 -6 -5 -5 -5 -5 -5 -5 -5 -4 -4 -4 -4 -4 -4 -4 -3 -3 -3 -3 -2 -2 -1 ------- Run | Scr Mat Mat Sto Mat Fac Was Fac Low Low Zio Pro Fac Was Fac Low Low Dat Pro Fac Was Fac Upp Upp Zhi Pro Fac Was Fac Upp Upp War Pro Res Qua Sec Res Tes Acc Combat Hostiles Destroyed 95 | . 5 17 1 32 . . . . . . . . . 1 . . . . 2 . . . . . . . . . . . . . . . . . . 37 Guns 42 | . 4 14 1 23 . . . . . . . . . . . . . . . . . . . . . . . . . . . . . . . . . . Cannons 15 | . . 2 . . . . . . . . . . . 1 . . . . 2 . . . . . . . . . . . . . . . . . . 10 AOE 35 | . 1 . . 7 . . . . . . . . . . . . . . . . . . . . . . . . . . . . . . . . . 27 Classes Destroyed 15 | 1 5 4 . 2 . . . . . . . . . 1 . 1 . . . . . . . . . . . . . . . . . . . . . 1 Worker 20 | . . 2 4 . 1 . . . . . . . . . . . . . . . 2 . . . . 4 . 2 . . . . . . . . . 5 Builder 18 | . . . . 5 . . . . . . . . . . . . . . . . . . . . . . . . . . . . . . . . . 13 Tunneler 5 | . . 2 . 1 . . . . . . . . . . . . . . . . 1 . . . . 1 . . . . . . . . . . . . Hauler 31 | . 1 5 3 5 2 . 2 . . . . . . 1 . . . . 1 . . . . . . 6 . . . . . . . . 1 3 . 1 Recycler 9 | 1 . . . . 2 . 1 . . . . . . . . . . . . . 1 . . . . 2 . . . . . . . . . . . 2 Mechanic 1 | . . . . . . . . . . . . . . . . . . . . . . . . . . . . . . . . . . . . . . 1 Operator 13 | . 2 3 . 1 1 . . . . . . 1 . 2 . . . . . . . . . . . 1 . . . . . . . 1 . 1 . . Watcher 17 | . 1 2 . 2 . . . . . . . 1 . 2 . . . . 3 . 1 . . . . 2 . 1 . . . . 1 . . . . 1 Swarmer 26 | . 3 3 . 6 . . . . . . . . . . . . . . . . . . . . . . . . . . . . . . . . . 14 Grunt 37 | . 2 7 1 17 . . . . . . . . . . . . . . . . . . . . . . . . . . . . . . . . . 10 Brawler 1 | . . 1 . . . . . . . . . . . . . . . . . . . . . . . . . . . . . . . . . . . . Sentry 15 | . . 6 1 7 . . . . . . . . . . . . . . . . . . . . . . . . . . . . . . . . . 1 Hunter 10 | . . . . 2 . . . . . . . . . . . . . . . . . . . . . . . . . . . . . . . . . 8 Programmer 7 | . . . . . . . . . . . . . . 1 . . . . 2 . . . . . . . . . . . . . . . . . . 4 Packrat 1 | . . . . . . . . . . . . . . . 1 . . . . . . . . . . . . . . . . . . . . . . . Samaritan 1 | . . . . . . . . . . . . . . . . 1 . . . . . . . . . . . . . . . . . . . . . . Best Kill Streak 25 | 1 3 4 3 5 2 . 1 . . . . 1 . 2 . . . . 2 . 3 . . . . 4 . 1 . . . . 1 1 1 2 . 25 Combat Bots Only 7 | . 3 3 1 4 . . . . . . . . . 1 . . . . 2 . . . . . . . . . . . . . . . . . . 7 Max Kills in Single Turn 4 | 1 1 2 3 3 1 . 1 . . . . 1 . 1 1 1 . . 1 . 1 . . . . 1 . 1 . . . . 1 1 1 1 . 4 Gunslinging . | . . . . . . . . . . . . . . . . . . . . . . . . . . . . . . . . . . . . . . . Exploded 3 | . 1 . . 1 . . . . . . . . . . . . . . . . . . . . . . . . . . . . . . . . . 3 Melee . | . . . . . . . . . . . . . . . . . . . . . . . . . . . . . . . . . . . . . . . Uniques/NPCs Destroyed . | . . . . . . . . . . . . . . . . . . . . . . . . . . . . . . . . . . . . . . . Combat | -11 -10 -9 -9 -8 -7 -7 -7 -7 -7 -7 -6 -6 -6 -6 -6 -6 -6 -5 -5 -5 -5 -5 -5 -5 -4 -4 -4 -4 -4 -4 -4 -3 -3 -3 -3 -2 -2 -1 -------- Run | Scr Mat Mat Sto Mat Fac Was Fac Low Low Zio Pro Fac Was Fac Low Low Dat Pro Fac Was Fac Upp Upp Zhi Pro Fac Was Fac Upp Upp War Pro Res Qua Sec Res Tes Acc Damage Taken 6723 | . 228 647 142 1646 . . . . 31 . 17 14 . 30 . 70 . . 485 . 76 . . . 72 73 . . . . . . 40 66 100 . 43 2943 Core 992 | . 82 52 10 174 . . . . . . 17 . . 30 . 18 . . 142 . 36 . . . 24 . . . . . . . . . 46 . . 361 Absorbed by Shields 8 | . . . . . . . . . . . . . . . . . . . 8 . . . . . . . . . . . . . . . . . . . Core Remaining (%) 87 | 100 67 . 84 68 . . . . . . 97 . . . . . . 94 . . . . . . 79 . . . . . . 100 . . 95 . 100 73 Volleys Fired 327 | 2 28 75 23 110 . . . . . . . . . 1 . 13 . . 7 . . 5 . . . . . . . . . . . . . . . 63 Largest 2 | 2 2 2 2 2 . . . . . . . . . 1 . 1 . . 1 . . 1 . . . . . . . . . . . . . . . 1 Hottest 200 | 80 85 90 90 90 . . . . . . . . . 105 . 35 . . 105 . . 33 . . . . . . . . . . . . . . . 200 Shots Fired 529 | 4 54 139 41 202 . . . . . . . . . 1 . 13 . . 7 . . 5 . . . . . . . . . . . . . . . 63 Gun 395 | 4 54 104 33 195 . . . . . . . . . . . . . . . . . 5 . . . . . . . . . . . . . . . . Cannon 126 | . . 35 8 . . . . . . . . . . 1 . 13 . . 6 . . . . . . . . . . . . . . . . . . 63 Launcher 7 | . . . . 7 . . . . . . . . . . . . . . . . . . . . . . . . . . . . . . . . . . Special 1 | . . . . . . . . . . . . . . . . . . . 1 . . . . . . . . . . . . . . . . . . . Kinetic 47 | . . 27 3 12 . . . . . . . . . . . . . . . . . 5 . . . . . . . . . . . . . . . . Thermal 126 | . . 35 8 . . . . . . . . . . 1 . 13 . . 6 . . . . . . . . . . . . . . . . . . 63 Explosive 7 | . . . . 7 . . . . . . . . . . . . . . . . . . . . . . . . . . . . . . . . . . Electromagnetic 348 | 4 54 77 30 183 . . . . . . . . . . . . . . . . . . . . . . . . . . . . . . . . . . Robot Hit Streak 28 | 1 5 13 11 28 . . . . . . . . . 3 . . . . 4 . . 5 . . . . . . . . . . . . . . . 4 Robot Miss Streak 7 | 1 7 6 4 4 . . . . . . . . . . . . . . 1 . . 1 . . . . . . . . . . . . . . . 4 Penetration Max . | . . . . . . . . . . . . . . . . . . . . . . . . . . . . . . . . . . . . . . . Secondary Targets 2 | . . 1 . 1 . . . . . . . . . . . . . . . . . . . . . . . . . . . . . . . . . . Max Gunslinging Chain 1 | . . 1 . 1 . . . . . . . . . . . . . . . . . . . . . . . . . . . . . . . . . . Shots Hit Robots 504 | 2 27 90 32 171 15 . 5 . . . . 6 . 12 4 4 . . 14 . 7 3 . . . 49 . 6 . . . . 8 1 4 15 . 29 Core Hits 333 | 2 14 56 22 103 6 . 3 . . . . 2 . 6 1 1 . . 6 . 5 . . . . 20 . 4 . . . . 4 1 1 6 . 70 Critical Hits 31 | . . 6 . 2 . . 1 . . . . . . 2 . 1 . . . . . 1 . . . 2 . 1 . . . . 1 . . . . 14 Critical Kills 15 | . . 2 . . . . 1 . . . . . . 2 . . . . . . . . . . . . . . . . . . 1 . . . . 9 Critical Parts Destroyed 14 | . . 4 . 2 . . . . . . . . . . . 1 . . . . . . . . . 2 . 1 . . . . . . . . . 4 Melee Attacks 922 | . . . 4 . 81 . 35 11 24 . 2 57 . 93 16 15 . 9 104 . 42 4 15 . 12 111 . 77 9 6 . 8 52 19 24 36 27 29 Impact 4 | . . . 4 . . . . . . . . . . . . . . . . . . . . . . . . . . . . . . . . . . . Slashing 809 | . . . . . 79 . 35 11 24 . 2 56 . 92 16 15 . 9 103 . 42 4 15 . 12 108 . 46 8 3 . 7 32 15 16 30 15 14 Piercing 100 | . . . . . . . . . . . . . . . . . . . . . . . . . . . . 31 1 3 . 1 20 4 7 6 12 15 Sneak Attacks 65 | . . . . . 7 . 4 . . . . 3 . 4 1 2 . . 7 . 5 . . . . 22 . 2 . . . . . . 2 5 . 1 Combat Hostiles . | . . . . . . . . . . . . . . . . . . . . . . . . . . . . . . . . . . . . . . . Follow-up Attacks 18 | . . . . . . . . . . . . . . . . . . . . . . . . . . 9 . 1 . . . . 3 . 1 4 . . Damage Inflicted 30690 | 28 446 1495 831 3591 771 . 443 . . . . 311 . 647 212 388 . . 1006 . 582 7 . . . 2867 . 405 . . . . 346 45 172 892 . 15205 Guns 4487 | 28 368 984 448 2652 . . . . . . . . . . . . . . . . . 7 . . . . . . . . . . . . . . . . Cannons 6479 | . . 472 63 . . . . . . . . . . 75 . . . . 299 . . . . . . . . . . . . . . . . . . 5570 Explosions 10805 | . 78 39 320 939 . . . . . . . . . . . . . . . . . . . . . . . . . . . . . . . . . 9429 Melee 8919 | . . . . . 771 . 443 . . . . 311 . 572 212 388 . . 707 . 582 . . . . 2867 . 405 . . . . 346 45 172 892 . 206 Ramming . | . . . . . . . . . . . . . . . . . . . . . . . . . . . . . . . . . . . . . . . Kinetic 422 | . . 199 35 181 . . . . . . . . . . . . . . . . . 7 . . . . . . . . . . . . . . . . Thermal 16850 | . 78 511 383 505 . . . . . . . . . 75 . . . . 299 . . . . . . . . . . . . . . . . . . 14999 Explosive 434 | . . . . 434 . . . . . . . . . . . . . . . . . . . . . . . . . . . . . . . . . . Electromagnetic 4065 | 28 368 785 413 2471 . . . . . . . . . . . . . . . . . . . . . . . . . . . . . . . . . . Impact . | . . . . . . . . . . . . . . . . . . . . . . . . . . . . . . . . . . . . . . . Slashing 8300 | . . . . . 771 . 443 . . . . 311 . 572 212 388 . . 707 . 582 . . . . 2867 . 133 . . . . 201 45 42 820 . 206 Piercing 619 | . . . . . . . . . . . . . . . . . . . . . . . . . . . . 272 . . . . 145 . 130 72 . . Highest Corruption 11 | . . . . 2 . . . . . . . 1 1 5 5 7 7 7 5 11 11 6 . . . 1 5 5 . . . . . . . . . 3 Average Corruption 3 | . . . . 2 . . . . . . . 1 1 1 5 5 7 7 3 5 7 3 . . . 1 5 2 . . . . . . . . . 2 Corruption Purged 19 | . . . . . . . . . . . . . . . . . . . 2 . 5 6 . . . 1 . 5 . . . . . . . . . . Effects 90 | . . . . 5 . . . . . . . . 2 6 4 9 . 10 15 . 27 1 . . . 5 . 5 . . . . . . . . . 1 Message Errors 24 | . . . . . . . . . . . . . 1 . 1 2 . 2 5 . 5 1 . . . 4 . 3 . . . . . . . . . . Matter Fused 22 | . . . . . . . . . . . . . . . 3 1 . 3 2 . 10 . . . . . . 2 . . . . . . . . . 1 Heat Flow Errors 3 | . . . . 1 . . . . . . . . . . . 1 . . 1 . . . . . . . . . . . . . . . . . . . Energy Discharges 10 | . . . . 1 . . . . . . . . 1 1 . 1 . 3 2 . 1 . . . . . . . . . . . . . . . . . Data Loss (minor) 11 | . . . . 1 . . . . . . . . . 3 . 1 . . 3 . 3 . . . . . . . . . . . . . . . . . Data Loss (major) 4 | . . . . . . . . . . . . . . . . . . 1 1 . 2 . . . . . . . . . . . . . . . . . Alerts 1 | . . . . . . . . . . . . . . . . . . . . . 1 . . . . . . . . . . . . . . . . . Misdirections 1 | . . . . . . . . . . . . . . . . . . . . . 1 . . . . . . . . . . . . . . . . . Targeting Errors 14 | . . . . 2 . . . . . . . . . 2 . 3 . 1 1 . 4 . . . . 1 . . . . . . . . . . . . Overload Shots 5 | . . . . . . . . . . . . . . 1 . . . . 4 . . . . . . . . . . . . . . . . . . . Overflow Damage 4535 | . . 10 . 81 89 . 61 . . . . 63 . 69 44 110 . . 290 . 137 . . . . 395 . . . . . . 2 . 18 61 . 3105 Projectiles 1384 | . . 10 . . . . . . . . . . . . . . . . 45 . . . . . . . . . . . . . . . . . . 1329 Explosions 1734 | . . . . 81 . . . . . . . . . . . . . . . . . . . . . . . . . . . . . . . . . 1653 Melee 1417 | . . . . . 89 . 61 . . . . 63 . 69 44 110 . . 245 . 137 . . . . 395 . . . . . . 2 . 18 61 . 123 Knockbacks . | . . . . . . . . . . . . . . . . . . . . . . . . . . . . . . . . . . . . . . . Impact . | . . . . . . . . . . . . . . . . . . . . . . . . . . . . . . . . . . . . . . . Kinetic . | . . . . . . . . . . . . . . . . . . . . . . . . . . . . . . . . . . . . . . . Secondary . | . . . . . . . . . . . . . . . . . . . . . . . . . . . . . . . . . . . . . . . Self-Inflicted Damage 348 | . 29 19 93 207 . . . . . . . . . . . . . . . . . . . . . . . . . . . . . . . . . . Shots 11 | . 1 1 3 6 . . . . . . . . . . . . . . . . . . . . . . . . . . . . . . . . . . Rammed . | . . . . . . . . . . . . . . . . . . . . . . . . . . . . . . . . . . . . . . . Targets Rammed . | . . . . . . . . . . . . . . . . . . . . . . . . . . . . . . . . . . . . . . . Kicked . | . . . . . . . . . . . . . . . . . . . . . . . . . . . . . . . . . . . . . . . Crushed . | . . . . . . . . . . . . . . . . . . . . . . . . . . . . . . . . . . . . . . . Highest Temperature 271 | 36 156 231 84 216 11 . 3 . . . . 3 . 64 . 271 . . 222 . . . . . . . . . . . . . . . . . . . Average Temperature 51 | 20 40 50 31 51 5 . 3 . . . . 3 . 33 . 124 . . 88 . . . . . . . . . . . . . . . . . . . Received Heat Transfer 1254 | . 72 231 21 585 . . . . . . . . . . . 9 . . 36 . . . . . . . . . . . . . 9 21 9 . 9 252 Effects 1 | . . . . . . . . . . . . . . . . 1 . . . . . . . . . . . . . . . . . . . . . . Energy Bleed 1 | . . . . . . . . . . . . . . . . 1 . . . . . . . . . . . . . . . . . . . . . . Siege Activations . | . . . . . . . . . . . . . . . . . . . . . . . . . . . . . . . . . . . . . . . Robots Corrupted 4 | . . 1 . 3 . . . . . . . . . . . . . . . . . . . . . . . . . . . . . . . . . . Combat Hostiles 3 | . . 1 . 2 . . . . . . . . . . . . . . . . . . . . . . . . . . . . . . . . . . Parts Fried 27 | . 1 3 . 23 . . . . . . . . . . . . . . . . . . . . . . . . . . . . . . . . . . Impact Corruptions . | . . . . . . . . . . . . . . . . . . . . . . . . . . . . . . . . . . . . . . . Robots Melted . | . . . . . . . . . . . . . . . . . . . . . . . . . . . . . . . . . . . . . . . Combat Hostiles . | . . . . . . . . . . . . . . . . . . . . . . . . . . . . . . . . . . . . . . . Parts Melted 6 | . . . . . . . . . . . . . . . . . . . . . . . . . . . . . . . . . . . . . . 6 Heat Transferred 14402 | . 150 901 711 600 . . . . . . . . . 80 . . . . 290 . . . . . . . . . . . . . . . . . . 11670 Parts Sabotaged 2 | . . . . . . . . . . . . . . . . . . . . . . . . . . . . . . . . . . . . . . 2 Parts Stolen 1 | . . . . . . . . . . . . . . . . 1 . . . . . . . . . . . . . . . . . . . . . . Parts Stripped . | . . . . . . . . . . . . . . . . . . . . . . . . . . . . . . . . . . . . . . . Power Chain Reactions 13 | . 1 1 3 8 . . . . . . . . . . . . . . . . . . . . . . . . . . . . . . . . . . Missiles Intercepted . | . . . . . . . . . . . . . . . . . . . . . . . . . . . . . . . . . . . . . . . Alert | -11 -10 -9 -9 -8 -7 -7 -7 -7 -7 -7 -6 -6 -6 -6 -6 -6 -6 -5 -5 -5 -5 -5 -5 -5 -4 -4 -4 -4 -4 -4 -4 -3 -3 -3 -3 -2 -2 -1 ------- Run | Scr Mat Mat Sto Mat Fac Was Fac Low Low Zio Pro Fac Was Fac Low Low Dat Pro Fac Was Fac Upp Upp Zhi Pro Fac Was Fac Upp Upp War Pro Res Qua Sec Res Tes Acc Peak Influence 2096 | 5 232 236 645 643 288 71 92 . . . . 138 28 512 . . . . 481 169 414 . . . . 548 48 435 . . . . 195 189 205 591 300 2096 Average Influence 236 | . 99 65 391 450 149 60 57 . . . . 49 18 284 . . . . 168 154 195 . . . . 226 25 65 . . . . 104 109 86 222 263 973 Maximum Alert Level 5 | . 1 1 2 2 1 . . . . . . . . 2 . . . . 2 . 2 . . . . 2 . 2 . . . . . . 1 2 1 5 Low Security (%) 58 | 100 77 89 15 . 62 100 100 . . . . 100 100 39 . . . . 68 100 49 . . . . 60 100 97 . . . . 100 100 80 73 . 7 Level 1 15 | . 22 10 21 21 37 . . . . . . . . 18 . . . . 11 . 49 . . . . 4 . . . . . . . . 19 3 100 11 Level 2 22 | . . . 62 78 . . . . . . . . . 41 . . . . 19 . . . . . . 35 . 2 . . . . . . . 23 . 11 Level 3 1 | . . . . . . . . . . . . . . . . . . . . . . . . . . . . . . . . . . . . . . 34 Level 4 1 | . . . . . . . . . . . . . . . . . . . . . . . . . . . . . . . . . . . . . . 20 Level 5 . | . . . . . . . . . . . . . . . . . . . . . . . . . . . . . . . . . . . . . . 13 High Security . | . . . . . . . . . . . . . . . . . . . . . . . . . . . . . . . . . . . . . . . Max Security . | . . . . . . . . . . . . . . . . . . . . . . . . . . . . . . . . . . . . . . . Squads Dispatched 46 | . 2 3 4 4 3 . . . . . . 2 . 4 . . . . 7 . . . . . . 3 . 2 . . . . . 2 1 . 2 7 Investigation 7 | . . . 1 1 . . . . . . . . . 2 . . . . 2 . . . . . . . . . . . . . . 1 . . . . Extermination 14 | . . . . . 1 . . . . . . 1 . 2 . . . . 4 . . . . . . 3 . 1 . . . . . . 1 . . 1 Reinforcement 22 | . 2 3 3 2 2 . . . . . . 1 . . . . . . 1 . . . . . . . . 1 . . . . . 1 . . 2 4 Assault 3 | . . . . 1 . . . . . . . . . . . . . . . . . . . . . . . . . . . . . . . . . 2 Garrison . | . . . . . . . . . . . . . . . . . . . . . . . . . . . . . . . . . . . . . . . Intercept . | . . . . . . . . . . . . . . . . . . . . . . . . . . . . . . . . . . . . . . . Construction Impeded 3 | . . . . 1 . . . . . . . . . . . . . . . . . . . . . . . . . . . . . . . . . 2 Haulers Reinforced 1 | . . . . . . . . . . . . . . . . . . . . . . . . . . . . . . . . . . . . . . 1 Stealth | -11 -10 -9 -9 -8 -7 -7 -7 -7 -7 -7 -6 -6 -6 -6 -6 -6 -6 -5 -5 -5 -5 -5 -5 -5 -4 -4 -4 -4 -4 -4 -4 -3 -3 -3 -3 -2 -2 -1 --------- Run | Scr Mat Mat Sto Mat Fac Was Fac Low Low Zio Pro Fac Was Fac Low Low Dat Pro Fac Was Fac Upp Upp Zhi Pro Fac Was Fac Upp Upp War Pro Res Qua Sec Res Tes Acc Distress Signals 30 | . 1 4 2 3 . . 2 . . . . . . 2 . . . . 3 . 1 . . . . 2 . 1 . . . . . 1 . 4 1 3 Communications Jammed 70 | . . . . . . . . . . . . . . . . . . . . . . . . . . . . 2 . . 28 . . . 3 . . 37 Distress Signals 70 | . . . . . . . . . . . . . . . . . . . . . . . . . . . . 2 . . 28 . . . 3 . . 37 Times Spotted 372 | . 16 38 24 65 13 5 3 . 3 . 2 8 6 16 . 2 . 4 40 5 3 1 . . 4 5 5 13 . . 4 1 5 7 10 4 4 56 Peak Tracking Total 12 | . 5 3 3 9 4 5 3 . 3 . 4 3 5 6 . 4 . 3 11 5 2 1 . . 4 5 5 2 . . 3 1 3 3 5 2 4 12 Tactical Retreats 41 | . 2 1 . 4 1 1 1 . 2 . . . 1 1 . 1 . 1 7 . . . . . . 3 . 3 . . . . . 1 4 . . 7 Traps | -11 -10 -9 -9 -8 -7 -7 -7 -7 -7 -7 -6 -6 -6 -6 -6 -6 -6 -5 -5 -5 -5 -5 -5 -5 -4 -4 -4 -4 -4 -4 -4 -3 -3 -3 -3 -2 -2 -1 ------- Run | Scr Mat Mat Sto Mat Fac Was Fac Low Low Zio Pro Fac Was Fac Low Low Dat Pro Fac Was Fac Upp Upp Zhi Pro Fac Was Fac Upp Upp War Pro Res Qua Sec Res Tes Acc Traps Triggered 26 | . 1 1 1 1 1 . . . . . . 1 . 4 . . . . 6 . 3 . . . . 4 . . . . . . . 1 1 . . 1 Indirectly . | . . . . . . . . . . . . . . . . . . . . . . . . . . . . . . . . . . . . . . . Trap Hack Attempts . | . . . . . . . . . . . . . . . . . . . . . . . . . . . . . . . . . . . . . . . Triggered . | . . . . . . . . . . . . . . . . . . . . . . . . . . . . . . . . . . . . . . . Disarmed . | . . . . . . . . . . . . . . . . . . . . . . . . . . . . . . . . . . . . . . . Reprogrammed . | . . . . . . . . . . . . . . . . . . . . . . . . . . . . . . . . . . . . . . . Reused 1 | . . . . . . . . . . . . . . . . . . . . . . 1 . . . . . . . . . . . . . . . . Traps Extracted . | . . . . . . . . . . . . . . . . . . . . . . . . . . . . . . . . . . . . . . . Installed 2 | . . . . . . . . 1 . . . . . . . . . . . . . 1 . . . . . . . . . . . . . . . . Triggered 15 | . . . . . . . . . . . . . . . . 5 . . . . . 2 1 . . . . . . . 7 . . . . . . . Machines | -11 -10 -9 -9 -8 -7 -7 -7 -7 -7 -7 -6 -6 -6 -6 -6 -6 -6 -5 -5 -5 -5 -5 -5 -5 -4 -4 -4 -4 -4 -4 -4 -3 -3 -3 -3 -2 -2 -1 ---------- Run | Scr Mat Mat Sto Mat Fac Was Fac Low Low Zio Pro Fac Was Fac Low Low Dat Pro Fac Was Fac Upp Upp Zhi Pro Fac Was Fac Upp Upp War Pro Res Qua Sec Res Tes Acc Machines Disabled 22 | . 1 1 5 2 1 . . . . . . . . . . 1 . . 1 . . . . . . . . . . . . . . 1 7 . . 2 Max in Single Turn 1 | . 1 1 1 1 1 . . . . . . . . . . 1 . . 1 . . . . . . . . . . . . . . 1 1 . . 1 Garrison Access 28 | . . . . 1 2 . 2 . . . . 4 . 3 . . . . 2 . 2 . . . . 3 . 2 . . . . 2 1 1 2 . 1 Machines Sabotaged . | . . . . . . . . . . . . . . . . . . . . . . . . . . . . . . . . . . . . . . . Garrisons Compromised . | . . . . . . . . . . . . . . . . . . . . . . . . . . . . . . . . . . . . . . . Overloaded Fab Kills . | . . . . . . . . . . . . . . . . . . . . . . . . . . . . . . . . . . . . . . . Fab Network Shutdowns 6 | . . . . . . . . . . . . . . 1 . . . . 1 . 1 . . . . 1 . 1 . . . . . . . 1 . . Hacking | -11 -10 -9 -9 -8 -7 -7 -7 -7 -7 -7 -6 -6 -6 -6 -6 -6 -6 -5 -5 -5 -5 -5 -5 -5 -4 -4 -4 -4 -4 -4 -4 -3 -3 -3 -3 -2 -2 -1 --------- Run | Scr Mat Mat Sto Mat Fac Was Fac Low Low Zio Pro Fac Was Fac Low Low Dat Pro Fac Was Fac Upp Upp Zhi Pro Fac Was Fac Upp Upp War Pro Res Qua Sec Res Tes Acc Machines Accessed 234 | . 3 5 12 10 13 . 11 1 1 1 . 15 . 28 . . 4 . 19 . 12 1 2 4 . 20 . 16 . 1 7 . 6 14 14 6 4 4 Terminals 150 | . 3 5 12 9 11 . 7 . . . . 8 . 17 . . . . 12 . 8 . . . . 12 . 8 . . . . 4 11 13 3 4 3 Fabricators 17 | . . . . . . . . . . . . 3 . 3 . . . . 3 . 1 . . . . 1 . 5 . . . . . . . 1 . . Repair Stations 9 | . . . . . . . . . . . . . . 2 . . . . 1 . 1 . . . . 3 . 1 . . . . . 1 . . . . Recycling Units . | . . . . . . . . . . . . . . . . . . . . . . . . . . . . . . . . . . . . . . . Scanalyzers 8 | . . . . . . . 2 . . . . . . 3 . . . . 1 . . . . . . 1 . . . . . . . 1 . . . . Garrison Access 28 | . . . . 1 2 . 2 . . . . 4 . 3 . . . . 2 . 2 . . . . 3 . 2 . . . . 2 1 1 2 . 1 Total Hacks 593 | . 8 13 25 19 23 . 19 1 9 2 . 33 . 74 . . 25 . 62 . 36 1 6 17 . 60 . 42 . 1 19 . 11 27 26 19 7 8 Successful 442 | . 6 6 16 11 15 . 13 1 9 2 . 26 . 55 . . 25 . 39 . 28 1 6 17 . 47 . 31 . 1 19 . 6 21 21 13 4 3 Failed 150 | . 2 7 9 8 8 . 6 . . . . 7 . 18 . . . . 23 . 8 . . . . 13 . 11 . . . . 5 6 5 6 3 5 Catastrophic 21 | . . . 2 2 . . . . . . . 2 . 4 . . . . 3 . 1 . . . . . . . . . . . . 3 . 1 1 2 Database Lockouts 1 | . . . . . . . . . . . . . . 1 . . . . . . . . . . . . . . . . . . . . . . . . Manual 246 | . 5 10 15 12 8 . 2 . . . . 18 . 29 . 1 . . 35 . 17 . . . . 25 . 14 . . 2 . 3 19 11 12 5 3 Terminals 381 | . 8 13 25 17 20 . 13 . . . . 18 . 50 . . . . 45 . 26 . . . . 39 . 23 . . . . 9 23 25 13 7 7 Fabricators 58 | . . . . . . . . . . . . 10 . 8 . . . . 11 . 4 . . . . 7 . 14 . . . . . . . 4 . . Repair Stations 20 | . . . . . . . . . . . . . . 4 . . . . 2 . 4 . . . . 6 . 2 . . . . . 2 . . . . Recycling Units . | . . . . . . . . . . . . . . . . . . . . . . . . . . . . . . . . . . . . . . . Scanalyzers 18 | . . . . . . . 3 . . . . . . 7 . . . . 2 . . . . . . 5 . . . . . . . 1 . . . . Garrison Access 35 | . . . . 2 3 . 3 . . . . 5 . 5 . . . . 2 . 2 . . . . 3 . 3 . . . . 2 1 1 2 . 1 Terminal Hacks 269 | . 4 3 12 9 9 . 8 1 9 2 . 8 . 28 . . 25 . 18 . 15 1 6 17 . 21 . 12 . 1 19 . 4 9 18 5 3 2 Record 42 | . . . . . . . . . 9 . . . . . . . 11 . . . . . 5 5 . . . . . . 12 . . . . . . . Part Schematic 34 | . . . . 1 . . . . . 2 . 3 . 3 . . 6 . 4 . 1 . . 4 . 4 . 1 . . . . 1 . 2 1 1 . Robot Schematic 5 | . . . . . . . . . . . . . . . . . 5 . . . . . . . . . . . . . . . . . . . . . Robot Analysis 4 | . . . . . . . . . . . . . . . . . . . . . . . . 4 . . . . . . . . . . . . . . Prototype ID Bank 35 | . . 1 1 1 2 . 4 . . . . . . 4 . . 3 . 3 . 1 . . 4 . 2 . . . . 5 . . 1 2 1 . . Open Door 17 | . . . 5 . . . . 1 . . . . . . . . . . . . . 1 1 . . . . . . 1 2 . . . 5 . . 1 Level Access Points 2 | . . . . . . . . . . . . . . . . . . . . . . . . . . . . . . . . . . . 1 . 1 . Branch Access Points 7 | . . . . . . . . . . . . . . 1 . . . . . . 2 . . . . . . 1 . . . . 1 . . 1 . 1 Terminal Index 12 | . . . . . 1 . . . . . . 1 . 1 . . . . 1 . 1 . . . . 1 . 2 . . . . 1 1 1 1 . . Fabricator Index 6 | . . . . . . . . . . . . . . 1 . . . . 1 . 1 . . . . 1 . 1 . . . . . . . 1 . . Repair Station Index 2 | . . . . . . . . . . . . . . 1 . . . . . . . . . . . 1 . . . . . . . . . . . . Scanalyzer Index 1 | . . . . . . . . . . . . . . 1 . . . . . . . . . . . . . . . . . . . . . . . . Garrison Index 2 | . . . . . . . . . . . . . . 1 . . . . . . 1 . . . . . . . . . . . . . . . . . Alert Level 1 | . . . 1 . . . . . . . . . . . . . . . . . . . . . . . . . . . . . . . . . . . Unreport Threat 12 | . 1 1 1 2 . . . . . . . . . . . . . . 1 . 2 . . . . 2 . 2 . . . . . . . . . . Locate Traps 47 | . 1 1 2 2 4 . 2 . . . . 3 . 9 . . . . 4 . 4 . . . . 4 . 4 . . . . 1 3 3 . . . Recall Investigation 3 | . . . . . . . . . . . . . . . . . . . . . . . . . . . . . . . . . . 3 . . . . Recall Extermination 10 | . . . . . 1 . . . . . . . . 1 . . . . 3 . . . . . . 3 . 1 . . . . . . 1 . . . Recall Reinforcements 4 | . . . 2 1 . . . . . . . . . . . . . . . . . . . . . . . . . . . . . . . . 1 . Hauler Manifests 11 | . 1 . . 1 1 . . . . . . 1 . 3 . . . . . . 1 . . . . 1 . . . . . . . 1 1 . . . Zone Layout 12 | . 1 . . 1 . . 2 . . . . . . 2 . . . . 1 . 1 . . . . 2 . . . . . . . . 2 . . . Fabricator Hacks 33 | . . . . . . . . . . . . 5 . 5 . . . . 6 . 2 . . . . 4 . 9 . . . . . . . 2 . . Network Status 4 | . . . . . . . . . . . . 1 . 1 . . . . . . . . . . . . . 2 . . . . . . . . . . Load Schematic 15 | . . . . . . . . . . . . 2 . 2 . . . . 3 . 1 . . . . 2 . 4 . . . . . . . 1 . . Build 14 | . . . . . . . . . . . . 2 . 2 . . . . 3 . 1 . . . . 2 . 3 . . . . . . . 1 . . Repair Station Hacks 20 | . . . . . . . . . . . . . . 4 . . . . 2 . 4 . . . . 6 . 2 . . . . . 2 . . . . Scan Component 10 | . . . . . . . . . . . . . . 2 . . . . 1 . 2 . . . . 3 . 1 . . . . . 1 . . . . Repair 10 | . . . . . . . . . . . . . . 2 . . . . 1 . 2 . . . . 3 . 1 . . . . . 1 . . . . Recycling Unit Hacks . | . . . . . . . . . . . . . . . . . . . . . . . . . . . . . . . . . . . . . . . Scanalyzer 14 | . . . . . . . 1 . . . . . . 6 . . . . 1 . . . . . . 5 . . . . . . . 1 . . . . Insert Component 8 | . . . . . . . 1 . . . . . . 3 . . . . 1 . . . . . . 2 . . . . . . . 1 . . . . Analyze 6 | . . . . . . . . . . . . . . 3 . . . . . . . . . . . 3 . . . . . . . . . . . . Garrison Access Hacks 28 | . . . . 1 2 . 2 . . . . 4 . 3 . . . . 2 . 2 . . . . 3 . 2 . . . . 2 1 1 2 . 1 Seal Access 28 | . . . . 1 2 . 2 . . . . 4 . 3 . . . . 2 . 2 . . . . 3 . 2 . . . . 2 1 1 2 . 1 Unauthorized Hacks 176 | . 6 9 9 2 11 . 4 . . . . 20 . 19 . . . . 24 . 10 . . . . 16 . 14 . . . . . 16 5 9 2 . Terminals 63 | . 2 3 4 1 4 . 2 . . . . 5 . 7 . . . . 7 . 3 . . . . 6 . 6 . . . . . 8 2 2 1 . Track 21 | . 2 1 3 1 . . . . . . . 2 . 3 . . . . 2 . . . . . . 2 . 1 . . . . . 4 . . . . Assimilate 19 | . . . . . 3 . . . . . . 2 . 1 . . . . 3 . 1 . . . . 1 . 4 . . . . . 2 1 . 1 . Botnet 22 | . . 2 1 . 1 . 2 . . . . 1 . 3 . . . . 2 . 2 . . . . 3 . 1 . . . . . 2 1 1 . . Disrupt 1 | . . . . . . . . . . . . . . . . . . . . . . . . . . . . . . . . . . . . 1 . . Fabricators 15 | . . . . . . . . . . . . 4 . 2 . . . . 3 . 2 . . . . 2 . . . . . . . . . 2 . . Prioritize 9 | . . . . . . . . . . . . 2 . 2 . . . . 2 . 1 . . . . 1 . . . . . . . . . 1 . . Siphon 6 | . . . . . . . . . . . . 2 . . . . . . 1 . 1 . . . . 1 . . . . . . . . . 1 . . Repair Stations . | . . . . . . . . . . . . . . . . . . . . . . . . . . . . . . . . . . . . . . . Recycling Units . | . . . . . . . . . . . . . . . . . . . . . . . . . . . . . . . . . . . . . . . Scanalyzers . | . . . . . . . . . . . . . . . . . . . . . . . . . . . . . . . . . . . . . . . Garrison Access . | . . . . . . . . . . . . . . . . . . . . . . . . . . . . . . . . . . . . . . . Data Cores Recovered 5 | . . . . . 1 . . . . . . . . 2 . . . . . . . . . . . 1 . . . . . . . 1 . . . . Used 1 | . . . . . 1 . . . . . . . . . . . . . . . . . . . . . . . . . . . . . . . . . Hacking Detections 141 | . 3 4 7 7 10 . 8 . . . . 9 . 24 . . . . 10 . 6 . . . . 10 . 13 . . . . 4 9 9 2 3 3 Full Trace Events 2 | . . . . . . . . . . . . . . 1 . . . . 1 . . . . . . . . . . . . . . . . . . . Feedback Events . | . . . . . . . . . . . . . . . . . . . . . . . . . . . . . . . . . . . . . . . Feedback Blocked . | . . . . . . . . . . . . . . . . . . . . . . . . . . . . . . . . . . . . . . . Robot Schematics Acquired 5 | . . . . . . . . . . . . . . . . . 5 . . . . . . . . . . . . . . . . . . . . . Robots Built . | . . . . . . . . . . . . . . . . . . . . . . . . . . . . . . . . . . . . . . . Matter . | . . . . . . . . . . . . . . . . . . . . . . . . . . . . . . . . . . . . . . . Time . | . . . . . . . . . . . . . . . . . . . . . . . . . . . . . . . . . . . . . . . Total Robot Build Rating . | . . . . . . . . . . . . . . . . . . . . . . . . . . . . . . . . . . . . . . . Part Schematics Acquired 37 | . . . . 1 . . . . . 2 . 3 . 5 . . 6 . 4 . 1 . . 4 . 5 . 1 . . . . 1 . 2 1 1 . Parts Built 14 | . . . . . . . . . . . . 2 . 2 . . . . 4 . 1 . . . . 2 . 2 . . . . . . . 1 . . Matter 3678 | . . . . . . . . . . . . 570 . 424 . . . . 848 . 285 . . . . 498 . 636 . . . . . . . 417 . . Time 1421 | . . . . . . . . . . . . 304 . 212 . . . . 274 . 152 . . . . 114 . 143 . . . . . . . 222 . . Total Part Build Rating 82 | . . . . . . . . . . . . 10 . 12 . . . . 24 . 5 . . . . 10 . 12 . . . . . . . 9 . . Parts Repaired 10 | . . . . . . . . . . . . . . 2 . . . . 1 . 2 . . . . 3 . 1 . . . . . 1 . . . . Time 445 | . . . . . . . . . . . . . . 96 . . . . 44 . 78 . . . . 116 . 89 . . . . . 22 . . . . Parts Recycled . | . . . . . . . . . . . . . . . . . . . . . . . . . . . . . . . . . . . . . . . Recycled Matter . | . . . . . . . . . . . . . . . . . . . . . . . . . . . . . . . . . . . . . . . Retrieved Matter . | . . . . . . . . . . . . . . . . . . . . . . . . . . . . . . . . . . . . . . . Retrieved Components . | . . . . . . . . . . . . . . . . . . . . . . . . . . . . . . . . . . . . . . . Parts Scanalyzed 3 | . . . . . . . . . . . . . . 2 . . . . . . . . . . . 1 . . . . . . . . . . . . Part Schematics Acquired 3 | . . . . . . . . . . . . . . 2 . . . . . . . . . . . 1 . . . . . . . . . . . . Parts Damaged . | . . . . . . . . . . . . . . . . . . . . . . . . . . . . . . . . . . . . . . . Bothacking | -11 -10 -9 -9 -8 -7 -7 -7 -7 -7 -7 -6 -6 -6 -6 -6 -6 -6 -5 -5 -5 -5 -5 -5 -5 -4 -4 -4 -4 -4 -4 -4 -3 -3 -3 -3 -2 -2 -1 ------------ Run | Scr Mat Mat Sto Mat Fac Was Fac Low Low Zio Pro Fac Was Fac Low Low Dat Pro Fac Was Fac Upp Upp Zhi Pro Fac Was Fac Upp Upp War Pro Res Qua Sec Res Tes Acc Used RIF Installer . | . . . . . . . . . . . . . . . . . . . . . . . . . . . . . . . . . . . . . . . Robots Hacked 9 | . . . . . 2 . . . . . . 1 . 1 . . . . 1 . . . . . . 3 . . . . . . . . 1 . . . Non-combat 9 | . . . . . 2 . . . . . . 1 . 1 . . . . 1 . . . . . . 3 . . . . . . . . 1 . . . Combat . | . . . . . . . . . . . . . . . . . . . . . . . . . . . . . . . . . . . . . . . Robot Hacks Applied 9 | . . . . . 2 . . . . . . 1 . 1 . . . . 1 . . . . . . 3 . . . . . . . . 1 . . . no_distress 4 | . . . . . . . . . . . . . . 1 . . . . . . . . . . . 2 . . . . . . . . 1 . . . find_chute 5 | . . . . . 2 . . . . . . 1 . . . . . . 1 . . . . . . 1 . . . . . . . . . . . . Relay Couplers Released 2 | . . . . . . . . . . . . . . . . . . . 1 . . . . . . . . . . . . . . . . . . 1 Machine Destruction 2 | . . . . . . . . . . . . . . . . . . . 1 . . . . . . . . . . . . . . . . . . 1 Robots Rewired . | . . . . . . . . . . . . . . . . . . . . . . . . . . . . . . . . . . . . . . . Allies Hacked . | . . . . . . . . . . . . . . . . . . . . . . . . . . . . . . . . . . . . . . . Hacks Repelled . | . . . . . . . . . . . . . . . . . . . . . . . . . . . . . . . . . . . . . . . Allies | -11 -10 -9 -9 -8 -7 -7 -7 -7 -7 -7 -6 -6 -6 -6 -6 -6 -6 -5 -5 -5 -5 -5 -5 -5 -4 -4 -4 -4 -4 -4 -4 -3 -3 -3 -3 -2 -2 -1 -------- Run | Scr Mat Mat Sto Mat Fac Was Fac Low Low Zio Pro Fac Was Fac Low Low Dat Pro Fac Was Fac Upp Upp Zhi Pro Fac Was Fac Upp Upp War Pro Res Qua Sec Res Tes Acc Total Allies 61 | . . . 12 . 1 19 . . . . . 1 19 1 . . . 1 2 . . . . . . 1 . 3 . . . . . . 1 . . . Largest Group 19 | . . . 11 4 1 19 . . . . . 1 18 1 . . . 1 1 . . . . . . 1 . 2 . . . . . . 1 . . . Highest-Rated Group 668 | . . . 187 139 10 477 . . . . . 10 668 10 . . . 94 26 . . . . . . 26 . 52 . . . . . . 44 . . . Highest-Rated Ally 99 | . . . 99 99 10 35 . . . . . 10 50 10 . . . 94 26 . . . . . . 26 . 26 . . . . . . 44 . . . Total Orders 16 | . . . . . . . . . . . . . . . . 3 . . . . . . 5 . 1 . . 2 2 1 . 2 . . . . . . STAY 1 | . . . . . . . . . . . . . . . . . . . . . . . . . . . . 1 . . . . . . . . . . GOTO 4 | . . . . . . . . . . . . . . . . . . . . . . . 1 . 1 . . . 1 . . 1 . . . . . . FOLLOW 3 | . . . . . . . . . . . . . . . . . . . . . . . 2 . . . . 1 . . . . . . . . . . EXPLORE 1 | . . . . . . . . . . . . . . . . . . . . . . . . . . . . . . . . 1 . . . . . . RETURN 7 | . . . . . . . . . . . . . . . . 3 . . . . . . 2 . . . . . 1 1 . . . . . . . . Ally Attacks 368 | . . . 105 9 . 141 . . . . . . 94 . . . . 19 . . . . . . . . . . . . . . . . . . . . Total Damage 9152 | . . . 1810 89 . 2487 . . . . . . 4171 . . . . 595 . . . . . . . . . . . . . . . . . . . . Kills 55 | . . . 29 3 . 7 . . . . . . 13 . . . . 3 . . . . . . . . . . . . . . . . . . . . Allies Corrupted . | . . . . . . . . . . . . . . . . . . . . . . . . . . . . . . . . . . . . . . . Allies Melted . | . . . . . . . . . . . . . . . . . . . . . . . . . . . . . . . . . . . . . . . Intel | -11 -10 -9 -9 -8 -7 -7 -7 -7 -7 -7 -6 -6 -6 -6 -6 -6 -6 -5 -5 -5 -5 -5 -5 -5 -4 -4 -4 -4 -4 -4 -4 -3 -3 -3 -3 -2 -2 -1 ------- Run | Scr Mat Mat Sto Mat Fac Was Fac Low Low Zio Pro Fac Was Fac Low Low Dat Pro Fac Was Fac Upp Upp Zhi Pro Fac Was Fac Upp Upp War Pro Res Qua Sec Res Tes Acc Robot Analysis Total 4 | . . . . . . . . . . . . . . . . . . . . . . . . 4 . . . . . . . . . . . . . . Derelict Logs Recovered 20 | . . . . . . . . 2 1 . 2 . . . 2 3 . 1 . . . 1 1 . 3 . . . 3 1 . . . . . . . . Drone Launches 21 | . . . . . . . . . . . . . . . 2 4 2 . . . . 2 2 . . . . 3 3 . 3 . . . . . . . Drone Recoveries 14 | . . . . . . . . . . . . . . . . 6 . . . . . . 2 . . . . . 3 3 . . . . . . . . Exploration | -11 -10 -9 -9 -8 -7 -7 -7 -7 -7 -7 -6 -6 -6 -6 -6 -6 -6 -5 -5 -5 -5 -5 -5 -5 -4 -4 -4 -4 -4 -4 -4 -3 -3 -3 -3 -2 -2 -1 ------------- Run | Scr Mat Mat Sto Mat Fac Was Fac Low Low Zio Pro Fac Was Fac Low Low Dat Pro Fac Was Fac Upp Upp Zhi Pro Fac Was Fac Upp Upp War Pro Res Qua Sec Res Tes Acc Turns Passed 22728 | 44 446 2092 1434 2083 1066 228 497 1009 376 223 80 601 186 1257 173 445 23 272 1727 20 805 390 432 61 649 964 19 1003 146 119 570 125 348 591 774 413 156 881 Spaces Moved 33599 | 30 344 959 699 1077 2330 364 1544 642 892 855 289 1355 338 3130 490 647 81 492 2983 81 1273 536 831 149 724 1884 78 1867 412 391 628 395 713 999 953 868 216 1060 Core 14 | 13 . . . . . . . . . . . . . . . . . . . . . . . . . . . . . . . . . . . . . 1 Treads . | . . . . . . . . . . . . . . . . . . . . . . . . . . . . . . . . . . . . . . . Legs 2178 | . . 906 699 573 . . . . . . . . . . . . . . . . . . . . . . . . . . . . . . . . . . Wheels 868 | 17 344 53 . 454 . . . . . . . . . . . . . . . . . . . . . . . . . . . . . . . . . . Hover 821 | . . . . . . . . . . . . . . . . . . . . . . . . . . . . . . . . . . . . . . 821 Flight 29718 | . . . . 50 2330 364 1544 642 892 855 289 1355 338 3130 490 647 81 492 2983 81 1273 536 831 149 724 1884 78 1867 412 391 628 395 713 999 953 868 216 238 Fastest Speed 23 | 50 90 110 180 26 26 26 26 26 26 26 26 26 26 26 26 26 26 26 23 24 24 24 24 24 24 24 24 24 27 27 27 27 24 24 27 24 24 24 Average Speed 38 | 87 93 177 180 147 26 26 26 26 26 26 26 26 26 26 26 26 26 26 26 24 24 24 24 24 24 24 24 26 27 27 27 27 24 25 27 24 24 36 Slowest Speed 210 | 150 150 210 180 180 26 26 26 26 26 26 26 26 26 99 26 96 26 26 110 24 27 24 24 24 24 114 24 27 27 27 27 27 24 27 27 24 24 200 Overloaded Moves 13 | . . . . . . . . . . . . . . . . . . . . . . . . . . . . . . . . . . 13 . . . . Propulsion Burnouts . | . . . . . . . . . . . . . . . . . . . . . . . . . . . . . . . . . . . . . . . Robots Hopped 55 | . . . . . 3 . 6 . . . . 5 . 9 . . . . 3 . 2 . . . 1 7 . 3 . . . . 1 4 3 8 . . Cave-ins Triggered 1 | . . . . . . . . . . . . . . . . 1 . . . . . . . . . . . . . . . . . . . . . . Teleports 1 | . . . . . . . . . . . . . . . . . . . . . . . . . . . . . . . . . . . . . . 1 Exploration Rate (%) 63 | 4 69 68 92 89 61 94 43 84 80 84 58 33 90 77 75 73 68 57 61 85 33 68 92 60 70 46 77 41 81 68 87 71 24 76 59 28 22 19 Regions Visited 38 Branch Regions 20 Pre-discovered Areas 8 | . . . . . . . . . 1 1 . . . . . . 1 . . . . . . 3 1 . . . 1 . . . . . . . . . Known Exits Taken 25 | . . . . . . . 1 1 1 1 1 . . 1 1 1 1 1 . . 1 1 1 1 1 . . 1 1 1 1 1 1 1 1 1 1 . Unknown Exits Taken 5 | 1 1 1 1 1 . . . . . . . . . . . . . . . . . . . . . . . . . . . . . . . . . . Scrap Searched 30 | . . . . . . . . 2 2 2 4 . . . 2 2 . 3 . . . 4 2 . 3 . . . 1 2 . 1 . . . . . . Spaces Dug 650 | . . . 5 . 61 . 26 11 23 . 2 46 . 79 12 23 . 9 92 . 34 4 14 . 9 41 . 56 8 3 . 7 25 12 8 13 14 13 Terrain Destroyed 1201 | . 2 4 12 63 61 . 26 11 23 . 2 46 . 79 12 23 . 9 92 . 34 4 14 . 9 41 . 56 8 3 . 7 25 12 8 13 14 488 Melee 631 | . . . . . 61 . 26 11 23 . 2 46 . 79 12 10 . 9 91 . 34 4 14 . 9 41 . 56 8 3 . 7 25 12 8 13 14 13 Projectile 37 | . . . 5 . . . . . . . . . . . . 13 . . 1 . . . . . . . . . . . . . . . . . . 18 AOE 533 | . 2 4 7 63 . . . . . . . . . . . . . . . . . . . . . . . . . . . . . . . . . 457 Actions | -11 -10 -9 -9 -8 -7 -7 -7 -7 -7 -7 -6 -6 -6 -6 -6 -6 -6 -5 -5 -5 -5 -5 -5 -5 -4 -4 -4 -4 -4 -4 -4 -3 -3 -3 -3 -2 -2 -1 --------- Run | Scr Mat Mat Sto Mat Fac Was Fac Low Low Zio Pro Fac Was Fac Low Low Dat Pro Fac Was Fac Upp Upp Zhi Pro Fac Was Fac Upp Upp War Pro Res Qua Sec Res Tes Acc Total 41543 | 42 411 1218 825 1386 2668 497 1581 1467 999 854 290 1513 435 3415 511 883 82 621 3769 80 1704 787 1039 175 1187 2241 77 2249 433 397 1029 401 824 1309 1431 1017 288 1408 Wait 6138 | . 22 124 42 75 235 127 . 810 84 . . 100 93 179 . 193 . 121 631 . 347 229 185 12 453 223 . 303 3 2 381 . 63 288 430 121 43 219 Move 33458 | 29 343 958 698 1076 2324 363 1532 641 891 854 288 1345 337 3112 489 645 80 491 2977 80 1268 535 830 148 721 1871 77 1860 411 390 627 394 710 990 946 853 215 1059 Hop 50 | . . . . . 3 . 5 . . . . 5 . 8 . . . . 3 . 2 . . . 1 6 . 3 . . . . 1 4 3 6 . . Pick Up 196 | 5 11 31 16 33 9 2 3 2 . . . 1 1 4 2 2 . . 6 . 10 4 2 7 2 10 . 6 1 . 8 . 3 3 5 2 2 3 Fast Attach 78 | 2 2 3 1 5 2 . 2 . . . . 1 . 6 . 2 . . 8 . 3 . 1 1 1 7 . 2 3 . . . 2 1 10 2 1 10 Attach 86 | 4 1 11 2 17 2 1 . . . . . 1 . . . 4 . . 8 . 3 2 . 2 . 8 . 1 . . . . 1 1 3 1 . 13 Detach 18 | . . . . . . . . . . . . . . . . 2 . . 4 . 1 2 . . . 5 . . . . . . . . 1 . 1 2 Swap 96 | . 3 1 18 17 5 1 . . . . . 2 2 9 1 4 . . 1 . 3 1 3 . . 8 . 3 2 2 4 . . 2 3 . . 1 Drop 198 | . 1 15 16 53 7 3 4 2 . . . 1 2 3 2 2 1 . 8 . 7 3 2 5 . 12 . 5 4 . 8 . 3 4 3 2 5 15 Fire 327 | 2 28 75 23 110 . . . . . . . . . 1 . 13 . . 7 . . 5 . . . . . . . . . . . . . . . 63 Melee 846 | . . . 4 . 81 . 35 11 24 . 2 57 . 93 16 15 . 9 104 . 42 4 15 . 9 91 . 65 8 3 . 7 41 16 20 30 21 23 Ram . | . . . . . . . . . . . . . . . . . . . . . . . . . . . . . . . . . . . . . . . Kick . | . . . . . . . . . . . . . . . . . . . . . . . . . . . . . . . . . . . . . . . Crush . | . . . . . . . . . . . . . . . . . . . . . . . . . . . . . . . . . . . . . . . Escape Stasis 43 | . . . 5 . . . . . . . . . . . . 1 . . 12 . 18 . . . . . . . . . . . . . 7 . . . Rewire . | . . . . . . . . . . . . . . . . . . . . . . . . . . . . . . . . . . . . . . . Trap 2 | . . . . . . . . 1 . . . . . . . . . . . . . 1 . . . . . . . . . . . . . . . . Miscellaneous 7 | . . . . . . . . . . . . . . . 1 . 1 . . . . 1 1 . . . . 1 1 . 1 . . . . . . . Route ------- -11/Scrapyard -10/Materials (discovered 3 exits: *Mat x2 / [*Min]) -9/Materials (discovered 4 exits: *Mat x2 / *Sto x2) -9/Storage -8/Materials (discovered 3 exits: *Fac x3) -7/Factory -7/Waste -7/Factory (discovered 2 exits: *Fac / *Low) -7/Lower Caves -7/Lower Caves (discovered 2 exits: *Fac / *Zio) -7/Zion -6/Proximity Caves -6/Factory (discovered 2 exits: Fac x2) -6/Waste -6/Factory (discovered 3 exits: *Fac / *Low x2) -6/Lower Caves -6/Lower Caves (discovered 2 exits: *Fac / *Dat) -6/Data Miner -5/Proximity Caves -5/Factory (discovered 4 exits: *Fac x3 / Upp) -5/Waste -5/Factory (discovered 4 exits: *Upp x2 / *Ext x2) -5/Upper Caves -5/Upper Caves (discovered 2 exits: *Fac / *Zhi) -5/Zhirov -4/Proximity Caves -4/Factory (discovered 5 exits: *Res x3 / Upp / Arm) -4/Waste -4/Factory (discovered 5 exits: Res x2 / *Upp x2 / Arm) -4/Upper Caves -4/Upper Caves (discovered 2 exits: *Res / *War) -4/Warlord -3/Proximity Caves -3/Research (discovered 3 exits: Res / *Qua x2) -3/Quarantine (discovered 2 exits: Res / *Sec) -3/Section 7 -2/Research (discovered 4 exits: Acc x2 / *Tes x2) -2/Testing -1/Access (discovered 2 exits: *Sur / Com) To Epsilon Eridani History --------- Turn | Location | Event 13 | -11/Scrapyard | Discovered new exit (range 15) 45 | -11/Scrapyard | Entered Materials 150 | -10/Materials | Discovered new exit (range 9) 312 | -10/Materials | Build established: Mutant 334 | -10/Materials | Discovered new exit (range 9) 483 | -10/Materials | Discovered new exit (range 7) 491 | -10/Materials | Entered another Materials area 491 | -9/Materials | Evolved 2 slots: Propulsion x1, Utility x1 661 | -9/Materials | Build established: Hauler-Mutant 931 | -9/Materials | Discovered new exit (range 14) 1276 | -9/Materials | Discovered new exit (range 11) 1686 | -9/Materials | Discovered new exit (range 6) 2405 | -9/Materials | Discovered new exit (range 16) 2583 | -9/Materials | Entered Storage 2677 | -9/Storage | Met 01-MTF 2811 | -9/Storage | Assisted by bots powering up and referring to "LRC-V3" 3110 | -9/Storage | Build established: Commander-Mutant 3519 | -9/Storage | Found Prototype Launcher 3520 | -9/Storage | Identified Scatter Rocket Array 3658 | -9/Storage | Discovered new exit (range 15) 3852 | -9/Storage | Build established: Hauler-Mutant 4017 | -9/Storage | Entered Materials 4017 | -8/Materials | Accompanied by 4 allies 4017 | -8/Materials | Evolved 2 slots: Propulsion x1, Utility x1 4022 | -8/Materials | 01-MTF left 4817 | -8/Materials | First assault squad dispatched 4921 | -8/Materials | Lost 3 parts (2n1w) 5115 | -8/Materials | Discovered new exit (range 16) 5442 | -8/Materials | Discovered new exit (range 4) 5761 | -8/Materials | Discovered new exit (range 15) 6100 | -8/Materials | Entered Factory 6100 | -7/Factory | Evolved 2 slots: Power x1, Utility x1 6383 | -7/Factory | Build established: Hacker-Sprinter 6405 | -7/Factory | Discovered new exit (range 9) 6415 | -7/Factory | Identified exit to Factory 7166 | -7/Factory | Manually triggered Chute Trap 7166 | -7/Factory | Sucked down chute 7166 | -7/Factory | Entered Waste 7172 | -7/Waste | Spotted C-40 Crusher 7172 | -7/Waste | Spotted C-40 Crusher 7173 | -7/Waste | Spotted C-40 Crusher 7178 | -7/Waste | Spotted C-40 Crusher 7179 | -7/Waste | Spotted C-40 Crusher 7182 | -7/Waste | Discovered new exit (range 16) 7186 | -7/Waste | Warlord forces began an assault 7210 | -7/Waste | Allies destroyed C-40 Crusher 7226 | -7/Waste | Allies destroyed C-40 Crusher 7232 | -7/Waste | Allies destroyed C-40 Crusher 7245 | -7/Waste | Allies destroyed C-40 Crusher 7253 | -7/Waste | Allies destroyed C-40 Crusher 7394 | -7/Waste | Identified exit to Factory 7394 | -7/Waste | Entered Factory 7662 | -7/Factory | Discovered exit to Factory (range 11) 7726 | -7/Factory | Discovered new exit (range 6) 7727 | -7/Factory | Identified exit to Lower Caves 7891 | -7/Factory | Entered Lower Caves 7893 | -7/Lower Caves | Encountered a Warlord checkpoint 8815 | -7/Lower Caves | Identified exit to Lower Caves 8820 | -7/Lower Caves | Learned 4 Factory zone layouts 8900 | -7/Lower Caves | Entered another Lower Caves area 8908 | -7/Lower Caves | Learned location of Extension (-5) 8908 | -7/Lower Caves | Learned Factory emergency access door positions 8908 | -7/Lower Caves | Learned Extension security intel 8908 | -7/Lower Caves | Learned Extension terminal intel 8908 | -7/Lower Caves | Learned Extension garrison access intel 8943 | -7/Lower Caves | Discovered exit to Factory (range 9) 9274 | -7/Lower Caves | Discovered new exit (range 8) 9276 | -7/Lower Caves | Identified exit to Zion 9276 | -7/Lower Caves | Entered Zion 9285 | -7/Zion | Discovered new exit (range 15) 9316 | -7/Zion | Learned location of Quarantine (-3) 9316 | -7/Zion | Learned Factory emergency access door positions 9396 | -7/Zion | Acquired unknown access codes intercepted by a Zionite 9410 | -7/Zion | Received a hallucinogenic algorithm 9498 | -7/Zion | Identified exit to Proximity Caves 9499 | -7/Zion | Entered Proximity Caves 9551 | -6/Proximity Caves | Learned Factory stockpile data 9552 | -6/Proximity Caves | Learned Factory garrison access intel 9578 | -6/Proximity Caves | Discovered exit to Factory (range 6) 9579 | -6/Proximity Caves | Entered Factory 9579 | -6/Factory | Evolved 2 slots: Utility x2 9580 | -6/Factory | Identified exit to Factory 9583 | -6/Factory | Loaded intel: 4 garrison access locations 10062 | -6/Factory | Fabricated Exp. Sensor Array (x1) 10075 | -6/Factory | Fabricated Exp. Signal Interpreter (x1) 10180 | -6/Factory | Manually triggered Chute Trap 10180 | -6/Factory | Sucked down chute 10180 | -6/Factory | Entered Waste 10181 | -6/Waste | Met a frightened Derelict 10182 | -6/Waste | Spotted C-40 Crusher 10190 | -6/Waste | Spotted C-40 Crusher 10192 | -6/Waste | Spotted C-40 Crusher 10197 | -6/Waste | Discovered new exit (range 16) 10197 | -6/Waste | Spotted C-40 Crusher 10241 | -6/Waste | Spotted C-40 Crusher 10247 | -6/Waste | Spotted C-40 Crusher 10253 | -6/Waste | Warlord forces began an assault 10305 | -6/Waste | Allies destroyed C-40 Crusher 10348 | -6/Waste | Allies destroyed C-40 Crusher 10366 | -6/Waste | Identified exit to Factory 10366 | -6/Waste | Entered Factory 10636 | -6/Factory | Fabricated Adv. Hacking Suite? 10766 | -6/Factory | Fabricated Adv. Hacking Suite (x1) 10788 | -6/Factory | Discovered new exit (range 5) 10789 | -6/Factory | Identified exit to Lower Caves 10816 | -6/Factory | Discovered exit to Factory (range 4) 10864 | -6/Factory | Local fabrication network quarantined 11120 | -6/Factory | Repaired Adv. System Shield 11129 | -6/Factory | Repaired Impulse Thruster Array? 11304 | -6/Factory | Central database locked down 11623 | -6/Factory | Entered Lower Caves 11624 | -6/Lower Caves | Learned location of 1 exit from Factory 11663 | -6/Lower Caves | Encountered a Warlord checkpoint 11664 | -6/Lower Caves | Learned location of 1 exit from Factory 11789 | -6/Lower Caves | Discovered new exit (range 13) 11793 | -6/Lower Caves | Identified exit to Lower Caves 11796 | -6/Lower Caves | Entered another Lower Caves area 11796 | -6/Lower Caves | Accompanied by 2 allies 11797 | -6/Lower Caves | Lgt. Fission Core stolen by Master Thief 11798 | -6/Lower Caves | Encountered a Warlord checkpoint 11818 | -6/Lower Caves | Discovered exit to Factory (range 5) 11884 | -6/Lower Caves | Found Alien Artifact 11884 | -6/Lower Caves | Identified Core Expander 11884 | -6/Lower Caves | Installed Core Expander, added new Weapon slot 12207 | -6/Lower Caves | Crushed by falling debris 12222 | -6/Lower Caves | Learned location of 1 exit from Proximity Caves 12225 | -6/Lower Caves | Learned Factory garrison access intel 12232 | -6/Lower Caves | Discovered new exit (range 5) 12237 | -6/Lower Caves | Acquired the password to a Derelict Tinkerer's latest research 12238 | -6/Lower Caves | Found Prototype Special Weapon 12241 | -6/Lower Caves | Identified exit to Data Miner 12241 | -6/Lower Caves | Entered Data Miner 12241 | -6/Data Miner | Discovered new exit (range 6) 12246 | -6/Data Miner | Met Data Miner 12251 | -6/Data Miner | Learned location of Section 7 (-3) 12251 | -6/Data Miner | Acquired the access code to Warlord's prototype stash 12256 | -6/Data Miner | Received God Mode back door access code from Data Miner 12262 | -6/Data Miner | Identified exit to Proximity Caves 12264 | -6/Data Miner | Entered Proximity Caves 12264 | -5/Proximity Caves | Accompanied by 2 allies 12470 | -5/Proximity Caves | Escorted by Enhanced Grunt 12536 | -5/Proximity Caves | Entered Factory 12536 | -5/Factory | Evolved 2 slots: Utility x2 12537 | -5/Factory | Identified exit to Upper Caves 12538 | -5/Factory | Identified exit to Factory 12539 | -5/Factory | Loaded intel: 4 garrison access locations 13138 | -5/Factory | Build established: Hacker-Scout 13478 | -5/Factory | Fabricated Exp. Cesium-ion Thruster (x1) 13479 | -5/Factory | Discovered exit to Factory (range 21) 13562 | -5/Factory | Repaired Exp. Cesium-ion Thruster? 13597 | -5/Factory | Build established: Wizard-Scout 13723 | -5/Factory | Local fabrication network quarantined 13744 | -5/Factory | Fabricated Mic. Fission Core? 13760 | -5/Factory | Identified Molecular Deconstructor 13775 | -5/Factory | Fabricated Exp. Cesium-ion Thruster? 13925 | -5/Factory | Incoming investigation squad redirected 14132 | -5/Factory | Build established: Hacker-Scout 14263 | -5/Factory | Manually triggered Chute Trap 14263 | -5/Factory | Sucked down chute 14263 | -5/Factory | Entered Waste 14264 | -5/Waste | Spotted C-40 Crusher 14270 | -5/Waste | Spotted C-40 Crusher 14271 | -5/Waste | Spotted C-40 Crusher 14272 | -5/Waste | Spotted C-40 Crusher 14277 | -5/Waste | Spotted C-40 Crusher 14278 | -5/Waste | EMP discharged 14278 | -5/Waste | System corruption reached 10% 14278 | -5/Waste | Spotted C-40 Crusher 14279 | -5/Waste | Discovered new exit (range 14) 14282 | -5/Waste | Identified exit to Factory 14283 | -5/Waste | Entered Factory 14343 | -5/Factory | Identified exit to Extension 14557 | -5/Factory | Repaired Exp. Cesium-ion Thruster 14594 | -5/Factory | Repaired Impulse Thruster Array 14680 | -5/Factory | Local fabrication network quarantined 14705 | -5/Factory | Fabricated Exp. Terrain Scan Processor (x1) 14886 | -5/Factory | Build established: Wizard-Sprinter 15088 | -5/Factory | Entered Upper Caves 15095 | -5/Upper Caves | Identified exit to Upper Caves 15451 | -5/Upper Caves | Attracted the attention of an 0b10 checkpoint 15478 | -5/Upper Caves | Entered another Upper Caves area 15478 | -5/Upper Caves | Accompanied by 2 allies 15479 | -5/Upper Caves | Encountered a Warlord checkpoint 15500 | -5/Upper Caves | Discovered exit to Factory (range 6) 15518 | -5/Upper Caves | Learned location of 1 exit from Factory 15713 | -5/Upper Caves | Learned Research trap positions 15713 | -5/Upper Caves | Learned Extension stockpile data 15713 | -5/Upper Caves | Learned Armory garrison access intel 15902 | -5/Upper Caves | Discovered new exit (range 7) 15903 | -5/Upper Caves | Identified exit to Zhirov 15910 | -5/Upper Caves | Entered Zhirov 15910 | -5/Zhirov | Accompanied by 2 allies 15910 | -5/Zhirov | Discovered new exit (range 3) 15915 | -5/Zhirov | Met Zhirov 15919 | -5/Zhirov | Learned location of Testing (-2) 15919 | -5/Zhirov | Learned location of Command (-1) 15922 | -5/Zhirov | Zhirov requested help retrieving the SGEMP Prototype 15927 | -5/Zhirov | Found Alien Artifact 15927 | -5/Zhirov | Identified Integrated Dissipator 15927 | -5/Zhirov | Installed Integrated Dissipator, increased core heat dissipation (+2%) 15946 | -5/Zhirov | Found Alien Artifact 15959 | -5/Zhirov | Identified exit to Proximity Caves 15971 | -5/Zhirov | Entered Proximity Caves 15971 | -4/Proximity Caves | Accompanied by 2 allies 16035 | -4/Proximity Caves | Learned Research security intel 16619 | -4/Proximity Caves | Discovered exit to Factory (range 5) 16620 | -4/Proximity Caves | Entered Factory 16620 | -4/Factory | Evolved 2 slots: Utility x2 16621 | -4/Factory | Identified exit to Research 16621 | -4/Factory | Identified exit to Armory 16710 | -4/Factory | Fabricated Exp. Terrain Scanner (x1) 16715 | -4/Factory | Local fabrication network quarantined 16750 | -4/Factory | Fabricated Exp. Sensor Array (x1) 16805 | -4/Factory | Repaired Exp. Cesium-ion Thruster? 17075 | -4/Factory | Build established: Wizard-Scout 17147 | -4/Factory | Repaired Mic. Fission Core 17219 | -4/Factory | Identified Transdimensional Reconstructor 17303 | -4/Factory | Discovered exit to Research (range 28) 17306 | -4/Factory | Repaired Exp. Cesium-ion Thruster? 17542 | -4/Factory | Discovered new exit (range 13) 17584 | -4/Factory | Manually triggered Chute Trap 17584 | -4/Factory | Sucked down chute 17584 | -4/Factory | Entered Waste 17591 | -4/Waste | Spotted C-40 Crusher 17593 | -4/Waste | Spotted C-40 Crusher 17595 | -4/Waste | Spotted C-40 Crusher 17595 | -4/Waste | Spotted C-40 Crusher 17595 | -4/Waste | Spotted C-40 Crusher 17599 | -4/Waste | EMP discharged 17599 | -4/Waste | Spotted C-40 Crusher 17600 | -4/Waste | Discovered new exit (range 13) 17603 | -4/Waste | Identified exit to Factory 17603 | -4/Waste | Entered Factory 17611 | -4/Factory | Discovered new exit (range 11) 17621 | -4/Factory | Identified exit to Upper Caves 17646 | -4/Factory | Build established: Hacker-Scout 17747 | -4/Factory | Fabricated Mni. Fusion Reactor (x1) 17770 | -4/Factory | Fabricated Exp. Propulsion Shielding? 17843 | -4/Factory | Discovered exit to Armory (range 25) 17923 | -4/Factory | Discovered exit to Research (range 28) 18057 | -4/Factory | Repaired Exp. Cesium-ion Thruster 18138 | -4/Factory | Build established: Hacker-Ninja 18265 | -4/Factory | Discovered exit to Research (range 11) 18511 | -4/Factory | Local fabrication network quarantined 18606 | -4/Factory | Entered Upper Caves 18606 | -4/Upper Caves | Accompanied by 3 allies 18624 | -4/Upper Caves | Learned 8 Research zone layouts 18699 | -4/Upper Caves | Encountered a Warlord checkpoint 18737 | -4/Upper Caves | Discovered new exit (range 22) 18750 | -4/Upper Caves | Identified exit to Upper Caves 18752 | -4/Upper Caves | Entered another Upper Caves area 18752 | -4/Upper Caves | Accompanied by 3 allies 18753 | -4/Upper Caves | Identified exit to Warlord 18753 | -4/Upper Caves | Discovered exit to Research (range 12) 18793 | -4/Upper Caves | Learned location of 1 exit from Proximity Caves 18799 | -4/Upper Caves | Encountered a Warlord checkpoint 18871 | -4/Upper Caves | Entered Warlord 18949 | -4/Warlord | Visited the Vortex Lab 18963 | -4/Warlord | Learned 4 Armory zone layouts 18963 | -4/Warlord | Learned 4 Command zone layouts 18964 | -4/Warlord | Learned Factory terminal intel 18964 | -4/Warlord | Learned Armory recycling unit intel 18971 | -4/Warlord | Warlord's base attacked by MAIN.C 18976 | -4/Warlord | Met Warlord 18979 | -4/Warlord | Opened Warlord's prototype stash 18980 | -4/Warlord | Found Exp. Focal Shield 18995 | -4/Warlord | Found Prototype Processor 19011 | -4/Warlord | Identified Exp. Targeting Computer 19032 | -4/Warlord | Found Prototype Processor 19076 | -4/Warlord | Identified Spectral Analyzer 19321 | -4/Warlord | Warlord forces counterattacked 19396 | -4/Warlord | Opened side exit 19419 | -4/Warlord | Discovered new exit (range 29) 19427 | -4/Warlord | Spotted Striker 19427 | -4/Warlord | Spotted Executioner 19439 | -4/Warlord | Identified exit to Proximity Caves 19441 | -4/Warlord | Entered Proximity Caves 19441 | -3/Proximity Caves | Accompanied by 3 allies 19560 | -3/Proximity Caves | Spotted B-86 Titan 19566 | -3/Proximity Caves | Entered Research 19566 | -3/Research | Evolved 2 slots: Propulsion x1, Utility x1 19567 | -3/Research | Identified exit to Quarantine 19567 | -3/Research | Identified exit to Research 19568 | -3/Research | Loaded intel: 51 trap records 19911 | -3/Research | Spotted B-90 Cyclops 19914 | -3/Research | Entered Quarantine 19930 | -3/Quarantine | Build established: Wizard-Ninja 20023 | -3/Quarantine | Repaired Impulse Thruster Array 20065 | -3/Quarantine | Discovered exit to Research (range 20) 20211 | -3/Quarantine | Found Alien Artifact 20449 | -3/Quarantine | Identified Core Reset Matrix 20474 | -3/Quarantine | Found Alien Impact Weapon 20486 | -3/Quarantine | Spotted Fortress 20503 | -3/Quarantine | Discovered new exit (range 10) 20505 | -3/Quarantine | Identified exit to Section 7 20505 | -3/Quarantine | Entered Section 7 20561 | -3/Section 7 | Found Alien Artifact 20562 | -3/Section 7 | Identified Integrated Reactor 20562 | -3/Section 7 | Installed Integrated Reactor, increased core energy generation (+2%) 20582 | -3/Section 7 | Found Integrated Reactor 20582 | -3/Section 7 | Installed Integrated Reactor, increased core energy generation (+2%) 20623 | -3/Section 7 | Spotted S7 Guard 20628 | -3/Section 7 | Found Alien Artifact 20628 | -3/Section 7 | Identified Integrated Heat Negator 20628 | -3/Section 7 | Installed Integrated Heat Negator, increased core heat dissipation (+2%) 20640 | -3/Section 7 | Found Integrated Dissipator 20640 | -3/Section 7 | Installed Integrated Dissipator, increased core heat dissipation (+2%) 20646 | -3/Section 7 | Spotted S7 Guard 20672 | -3/Section 7 | Found Transdimensional Reconstructor 20673 | -3/Section 7 | Found Transdimensional Reconstructor 20710 | -3/Section 7 | Spotted B-99 Colossus 20722 | -3/Section 7 | Found Integrated Dissipator 20724 | -3/Section 7 | Installed Integrated Dissipator, increased core heat dissipation (+2%) 20725 | -3/Section 7 | Found Integrated Dissipator 20725 | -3/Section 7 | Installed Integrated Dissipator, increased core heat dissipation (+2%) 20727 | -3/Section 7 | Found Integrated Dissipator 20727 | -3/Section 7 | Installed Integrated Dissipator, increased core heat dissipation (+2%) 20739 | -3/Section 7 | Found Alien Artifact 20739 | -3/Section 7 | Identified LRC Boosters 20739 | -3/Section 7 | Installed LRC Boosters, increased mass support (+10) 20741 | -3/Section 7 | Found Alien Artifact 20741 | -3/Section 7 | Identified LRC Armor 20741 | -3/Section 7 | Installed LRC Armor, increased core integrity (+250) 20758 | -3/Section 7 | Found Integrated Dissipator 20758 | -3/Section 7 | Installed Integrated Dissipator, increased core heat dissipation (+2%) 21230 | -3/Section 7 | Found Alien Artifact 21230 | -3/Section 7 | Identified Integrity Redistributor 21230 | -3/Section 7 | Used Integrity Redistributor, redistributed integrity from core (-17) 21260 | -3/Section 7 | Spotted Alpha 7 21279 | -3/Section 7 | Entered Research 21279 | -2/Research | Warlord forces began assault on 0b10 21279 | -2/Research | Evolved 2 slots: Propulsion x1, Utility x1 21280 | -2/Research | Identified exit to Testing 21328 | -2/Research | Met up with Warlord 21389 | -2/Research | Research machine network offline 21444 | -2/Research | Fabricated Femtoactuators (x1) 21478 | -2/Research | Discovered new exit (range 26) 21530 | -2/Research | Discovered new exit (range 16) 21583 | -2/Research | Local fabrication network quarantined 21614 | -2/Research | Borebot progress halted 21633 | -2/Research | Borebot progress halted 21645 | -2/Research | Borebot progress halted 21692 | -2/Research | Entered Testing 21708 | -2/Testing | Found Prototype Energy Cannon 21710 | -2/Testing | Found Prototype Energy Cannon 21732 | -2/Testing | Identified exit to Access 21848 | -2/Testing | Entered Access 21848 | -1/Access | Evolved 2 slots: Utility x2 21876 | -1/Access | Identified exit to Command 21907 | -1/Access | Discovered new exit (range 10) 21974 | -1/Access | Identified exit to Surface 21986 | -1/Access | Identified Potential Cannon 21987 | -1/Access | Identified Imp. Potential Cannon 22166 | -1/Access | Found Antimissile System 22410 | -1/Access | Build established: Machinist-Mutant 22486 | -1/Access | Warped through subspace 22516 | -1/Access | Lost 4 parts (1n2u1w) 22598 | -1/Access | First assault squad dispatched 22666 | -1/Access | Destroyed 7 combat bots 22726 | -1/Access | High security lockdown imminent 22729 | *** | Escaped! Last Messages --------------- 22703_ Destroyed Hvy. Laser. 22703_ G-73 Enforcer destroyed. 22703_ Destroyed Wheel. 22703_ Destroyed Phase Gun. 22708_ Imp. Antigrav System destroyed. 22712_ Imp. Medium Armor Plating destroyed. 22714_ ALERT: Construction progress impeded, dispatching reinforcements to local area. 22714_ Exp. Focal Shield destroyed. 22715_ Exp. Power Shielding destroyed. 22718_ System corrupted: Matter fused (-6). 22723_ K-01 Serf collects debris. 22726_ Destroyed Adv. Heat Sink. 22726_ Destroyed Lgt. Quantum Reactor. 22726_ G-73 Enforcer destroyed. 22726_ ALERT: High security lockdown imminent, T-100. 22726_ Destroyed Lgt. Quantum Reactor. 22726_ Destroyed Wheel. 22727_ Imp. Potential Cannon destroyed. 22728_ Acquired Imp. Medium Armor Plating. Map ----- +----------------------------------------------------+ | ########## !%####### ###+##################### | | !!= | | | | #########" ####### ##########/############## | | "" ""#######+######## ############# | | "" " # ## # | | " " # ## =# | | % "" " ## ## # | | % ! "" " ## ## # | | % ## "### ## # """"" | | #######+### # ## """""" !## # """"" | | % ## """""" ## # """"" | | # """""" ## # """"" | | #######+### # """""" ## # """"" | | # = # # """""" ## # """"" | | # # # ## # | | #!!= * " ; # ## # | | #!== %[% ;################################# | | #!= !"=p ##;"############################ | | # %# ############################# | | # *%# * [ %= """" ######### | | # =# !%[=g """" ######### | | ##########"%==%% """" ######### | | ######### ! """" | | ######### ! %! """" | | ######### ; =@" """" | | ######### ; ! """" | | ######## % """" ###+##### | | ######### # =% """" # | | + ### %%=g """" # | | ###### ### ; ##################### | | ######+### ; ######################## | | # # # ############################# " | | # # # ################ """ | | !+ # # ################ """ | | # # #% ################ " | | # # ] ################ | | # # ######## # | | ###+#####"#% " "" ######## ####### | | # """ ######## ####### | | #########" # "R ###################?#### | | ####### # # """ = # ############## | | ######## " " """ # ############## | | +####### " " # " ############## | | ##### " " # """ ############?? | | ##### " ""############ """ #####?#####??? | | ##### "* " ############ " ##########???? | | #####" " " ############ #####?###????? | | ##* =##" " ############ ? ##?#####?????? | | ## [ # ##### ####+######?#?#?#??????? | +----------------------------------------------------+ Best States ------------- Heat Dissipation 302 Coolant Potential 100 Energy Generation 67 Energy Capacity 1220 Matter Stores 300 Matter Capacity 300 Sight Range 22 Robot Scan Range 30 Terrain Scan Range 30 Terrain Scan Density 1010 Jamming Range 16 Armor Coverage 675 Resistance: KI 30 Power Shielding 90 Propulsion Shielding 90 Point Defense Rating 240 Evasion (%) 79 Core Analysis 6 Salvage Targeting 6 Offensive Hacking 54 Defensive Hacking 34 Item Schematics ----------------- Scythe | -8/Materials | Hacked Battle Cannon | -7/Zion | Free Ripper | -7/Zion | Free Exp. Sensor Array | -6/Factory | Hacked Exp. Signal Interpreter | -6/Factory | Hacked Adv. Hacking Suite | -6/Factory | Hacked Exp. Terrain Scanner | -6/Factory | Hacked Impulse Thruster Array | -6/Factory | Scanalyzed Diametric Drive | -6/Factory | Hacked Imp. Shock Absorption System | -6/Factory | Hacked Adv. System Shield | -6/Factory | Scanalyzed Exp. Terrain Scan Processor | -6/Data Miner | Free Combat Drone Bay | -6/Data Miner | Free Lgt. Regenerative Plating | -6/Data Miner | Free Exp. Flexi-carbon Leg | -6/Data Miner | Free Cloaking Device | -6/Data Miner | Free Plasma Sword | -6/Data Miner | Free Mic. Fission Core | -5/Factory | Hacked Exp. Cesium-ion Thruster | -5/Factory | Hacked Adv. Actuator Array | -5/Factory | Hacked Imp. System Restoration Module | -5/Factory | Hacked Exp. Propulsion Shielding | -5/Factory | Hacked Assault Drone Bay | -5/Zhirov | Free Exp. Heat Sink | -5/Zhirov | Free Exp. Optical Array | -5/Zhirov | Free Imp. Arc Thrower | -5/Zhirov | Free Mni. Fusion Reactor | -4/Factory | Hacked Plasma Lance | -4/Factory | Hacked Cld. Impulse Thruster | -4/Factory | Hacked Exp. Power Shielding | -4/Factory | Scanalyzed Enh. Nova Cannon | -4/Factory | Hacked Adv. Core Analyzer | -4/Factory | Hacked Exp. Force Field | -3/Research | Hacked Helical Railgun | -3/Section 7 | Hacked Femtoactuators | -3/Section 7 | Hacked Adv. Heavy Siege Treads | -2/Research | Hacked Exp. Biometal Medium Treads | -2/Testing | Hacked Robot Schematics ------------------ S-27 Virus | -6/Data Miner | Free G-50 Soldier | -6/Data Miner | Free H-66 Slayer | -6/Data Miner | Free I-36 Angel | -6/Data Miner | Free I-47 Archangel | -6/Data Miner | Free Fabricated ------------ Exp. Sensor Array | x1 | -6/Factory Exp. Signal Interpreter | x1 | -6/Factory Adv. Hacking Suite | x1 | -6/Factory Adv. Hacking Suite | x1 | -6/Factory Exp. Cesium-ion Thruster | x1 | -5/Factory Mic. Fission Core | x2 | -5/Factory Exp. Cesium-ion Thruster | x1 | -5/Factory Exp. Terrain Scan Processor | x1 | -5/Factory Exp. Terrain Scanner | x1 | -4/Factory Exp. Sensor Array | x1 | -4/Factory Mni. Fusion Reactor | x1 | -4/Factory Exp. Propulsion Shielding | x1 | -4/Factory Femtoactuators | x1 | -2/Research Alien Tech Used ----------------- Core Expander Integrated Dissipator Integrated Reactor Integrated Heat Negator LRC Boosters LRC Armor Integrity Redistributor Transdimensional Reconstructor Achievements -------------- Max Potential Challenges ------------ None Game ------ Seed RiotSupercompositeSheargun Manual? 0 Play Time 06:16:14 Cumulative 710.2 hours Start 2020.03.15 @ 15:16:48 End 2020.03.20 @ 18:58:08 Sessions 5 Manual Loads 0 Difficulty Rogue Special Mode None Game No. 382 Rogue 382 Adventurer 0 Explorer 0 Win Type 0 Total 55 Types 31/3/12/5/1/1/2 Lore% 90 Gallery% 87 Achievement% 73 Wizard Run 0 Options --------- ASCII 0 Keyboard 0 Movement Mouse Keybinds 0 Fullscreen 0 Font 32/Smallcaps Map View 76x50 Tactical HUD 1 Map Filters NONE Filters NONE Steam 0 RUN: 4cf2e5f0-f5f2-4ab8-82c8-c6ed3ff69590